Workbook

Sheet 平台消耗统计
A1: Week | B1: Date | C1: Adpingid | D1: 包名 | E1: 地区 | F1: 平台 | G1: 平台转化数量 | H1: CPI平台成本 | I1: 花费 | J1: 信用消耗金额
A2: =WEEKNUM(B2,2) -> 42 | B2: 46309 | C2: 10813123 | D2: com.amazon.mShop.android.shopping | E2: BR | F2: Bigo | G2: 79 | H2: 0.2804 | I2: 22.1493
A3: =WEEKNUM(B3,2) -> 42 | B3: 46309 | C3: 1745925 | D3: tech.jm | E3: RU | F3: MTG | G3: 600 | H3: 0.15 | I3: 90
A4: =WEEKNUM(B4,2) -> 42 | B4: 46309 | C4: 6951600 | D4: com.king.candycrushsodasaga | E4: TH | F4: MTG | G4: 45 | H4: 0.174 | I4: 7.82
A5: =WEEKNUM(B5,2) -> 42 | B5: 46309 | C5: 6951594 | D5: com.king.candycrushsodasaga | E5: DE | F5: MTG | G5: 225 | H5: 0.702 | I5: 157.85
A6: =WEEKNUM(B6,2) -> 42 | B6: 46309 | C6: 2732727 | D6: com.amazon.mShop.android.shopping | E6: SA | F6: MTG | G6: 669 | H6: 0.249 | I6: 166.875
A7: =WEEKNUM(B7,2) -> 42 | B7: 46309 | C7: 5619156 | D7: com.amazon.mShop.android.shopping | E7: SA | F7: Bigo | G7: 49 | H7: 0.3042 | I7: 14.9053
A8: =WEEKNUM(B8,2) -> 42 | B8: 46309 | C8: 6425889 | D8: com.amazon.mShop.android.shopping | E8: ZA | F8: MTG | G8: 214 | H8: 0.25 | I8: 53.5
A9: =WEEKNUM(B9,2) -> 42 | B9: 46309 | C9: 6439005 | D9: com.amazon.mShop.android.shopping | E9: ZA | F9: Eagllwin | G9: 61 | H9: 0.3 | I9: 18.3
A10: =WEEKNUM(B10,2) -> 42 | B10: 46309 | C10: 7203110 | D10: com.fxpro.direct.application | E10: SY | F10: MTG | G10: 1 | H10: 0.2 | I10: 0.2
A11: =WEEKNUM(B11,2) -> 42 | B11: 46309 | C11: 7202934 | D11: com.fxpro.direct.application | E11: PK | F11: MTG | G11: 92 | H11: 0.35 | I11: 32.2
A12: =WEEKNUM(B12,2) -> 42 | B12: 46309 | C12: 5847496 | D12: com.amazon.mShop.android.shopping | E12: AE | F12: Bigo | G12: 2 | H12: 0.583 | I12: 1.165
A13: =WEEKNUM(B13,2) -> 42 | B13: 46309 | C13: 7572369 | D13: com.amazon.mShop.android.shopping | E13: AE | F13: MTG | G13: 143 | H13: 0.306 | I13: 43.74
... A18: =WEEKNUM(B18,2) -> 42 | B18: 46309 | C18: 10501490 | D18: tech.jm | E18: RU | F18: MTG | G18: 14 | H18: 0.13 | I18: 1.82
A19: =WEEKNUM(B19,2) -> 42 | B19: 46309 | C19: 10912510 | D19: com.amazon.mShop.android.shopping | E19: BR | F19: Kwai | G19: 400 | H19: 0.39 | I19: 154.78 | J19: 154.785
A20: =WEEKNUM(B20,2) -> 42 | B20: 46309 | C20: 11080098 | D20: com.fxpro.direct.application | E20: PK | F20: MTG | G20: 1 | H20: 0.6 | I20: 0.6
A21: =WEEKNUM(B21,2) -> 42 | B21: 46309 | C21: 11715627 | D21: com.esprit.rpg.cntrctfft | E21: RU | F21: MTG | G21: 0 | H21: 0 | I21: 0
A22: =WEEKNUM(B22,2) -> 42 | B22: 46309 | C22: 11715655 | D22: com.king.candycrushsodasaga | E22: BR | F22: MTG | G22: 0 | H22: 0 | I22: 0
A23: =WEEKNUM(B23,2) -> 42 | B23: 46309 | C23: 11715811 | D23: com.king.candycrushsodasaga | E23: TH | F23: MTG | G23: 0 | H23: 0 | I23: 0
A24: =WEEKNUM(B24,2) -> 42 | B24: 46309 | C24: 11729927 | D24: com.amazon.mShop.android.shopping | E24: ZA | F24: MTG | G24: 0 | H24: 0 | I24: 0
A25: =WEEKNUM(B25,2) -> 42 | B25: 46309 | C25: 11729820 | D25: com.amazon.mShop.android.shopping | E25: AE | F25: MTG | G25: 0 | H25: 0 | I25: 0
A26: =WEEKNUM(B26,2) -> 42 | B26: 46309 | C26: 11729830 | D26: com.amazon.mShop.android.shopping | E26: BR | F26: Bigo | G26: 0 | H26: 0 | I26: 0
A27: =WEEKNUM(B27,2) -> 42 | B27: 46309 | C27: 11892329 | D27: com.amazon.mShop.android.shopping | E27: BR | F27: MTG | G27: 1000 | H27: 0.25 | I27: 250
A28: =WEEKNUM(B28,2) -> 42 | B28: 46309 | C28: 91560708 | D28: com.king.candycrushsaga | E28: FR | F28: MTG | G28: 131 | H28: 0.101 | I28: 13.295
A29: =WEEKNUM(B29,2) -> 42 | B29: 46309 | C29: 91560709 | D29: com.king.candycrushsaga | E29: VN | F29: MTG | G29: 465 | H29: 0.06 | I29: 27.9
A30: =WEEKNUM(B30,2) -> 42 | B30: 46309 | C30: 12064281 | D30: com.king.candycrushsodasaga | E30: DE | F30: MTG | G30: 0 | H30: 0 | I30: 0
A31: =WEEKNUM(B31,2) -> 42 | B31: 46309 | C31: 11987622 | D31: com.amazon.mShop.android.shopping | E31: BR | F31: Kwai | G31: 10 | H31: 0.37 | I31: 3.73 | J31: 3.73
A32: =WEEKNUM(B32,2) -> 42 | B32: 46309 | C32: 91567811 | D32: ru.banki.banki | E32: RU | F32: MTG | G32: 38 | H32: 1 | I32: 38
A33: =WEEKNUM(B33,2) -> 42 | B33: 46309 | C33: 91548044 | D33: ru.banki.banki | E33: RU | F33: Bigo | G33: 50 | H33: 1.005 | I33: 50.2685
A34: =WEEKNUM(B34,2) -> 42 | B34: 46309 | C34: 12801942 | D34: com.amazon.mShop.android.shopping | E34: BR | F34: TaurusX | G34: 0 | H34: 0 | I34: 0.46
A35: =WEEKNUM(B35,2) -> 42 | B35: 46309 | C35: 13084710 | D35: com.amazon.mShop.android.shopping | E35: BR | F35: MTG | G35: 200 | H35: 0.23 | I35: 46
A36: =WEEKNUM(B36,2) -> 42 | B36: 46309 | C36: 13226265 | D36: com.amazon.mShop.android.shopping | E36: TR | F36: TaurusX | G36: 3 | H36: 0.3 | I36: 0.9
A37: =WEEKNUM(B37,2) -> 42 | B37: 46309 | C37: 12814874 | D37: com.amazon.mShop.android.shopping | E37: ZA | F37: TaurusX | G37: 9 | H37: 0.14 | I37: 1.28
A38: =WEEKNUM(B38,2) -> 42 | B38: 46309 | C38: 12814889 | D38: com.amazon.mShop.android.shopping | E38: AE | F38: TaurusX | G38: 0 | H38: 0 | I38: 0.02
A39: =WEEKNUM(B39,2) -> 42 | B39: 46309 | C39: 12814931 | D39: com.amazon.mShop.android.shopping | E39: SA | F39: TaurusX | G39: 0 | H39: 0 | I39: 0.49
A40: =WEEKNUM(B40,2) -> 42 | B40: 46309 | C40: 12809771 | D40: asrtum.ent.domovyata | E40: RU | F40: TaurusX | G40: 0 | H40: 0 | I40: 0
A41: =WEEKNUM(B41,2) -> 42 | B41: 46309 | C41: 12810152 | D41: com.fxpro.direct.application | E41: PK | F41: TaurusX | G41: 1 | H41: 1.61 | I41: 1.61
A42: =WEEKNUM(B42,2) -> 42 | B42: 46309 | C42: 6061077 | D42: ru.aliexpress.buyer | E42: RU | F42: MTG | G42: 9 | H42: 0.405 | I42: 3.647
A43: =WEEKNUM(B43,2) -> 42 | B43: 46309 | C43: 6607117 | D43: ru.aliexpress.buyer | E43: RU | F43: MTG | G43: 246 | H43: 0.763 | I43: 187.801
... A69: =WEEKNUM(B69,2) -> 42 | B69: 46309 | C69: 8057746 | D69: com.king.candycrushsaga | E69: MY | F69: MTG | G69: 0 | H69: 0 | I69: 0
A70: =WEEKNUM(B70,2) -> 42 | B70: 46309 | C70: 8670368 | D70: com.king.candycrushsodasaga | E70: BR | F70: Kwai | G70: 31 | H70: 0.19 | I70: 5.79 | J70: 0
A71: =WEEKNUM(B71,2) -> 42 | B71: 46309 | C71: 10514860 | D71: com.esprit.rpg.lttlefirykng | E71: RU | F71: MTG | G71: 69 | H71: 0.75 | I71: 51.75
A72: =WEEKNUM(B72,2) -> 42 | B72: 46309 | C72: 91532857 | D72: com.reefgames.fabletown | E72: RU | F72: Bigo | G72: 29 | H72: 0.143 | I72: 4.1541
A73: =WEEKNUM(B73,2) -> 42 | B73: 46309 | C73: 91545519 | D73: com.vuclip.viu | E73: MY | F73: MTG | G73: 75 | H73: 0.151 | I73: 11.35
A74: =WEEKNUM(B74,2) -> 42 | B74: 46309 | C74: 91551388 | D74: com.netease.newspike | E74: US | F74: Bigo | G74: 25 | H74: 0.826 | I74: 20.651
A75: =WEEKNUM(B75,2) -> 42 | B75: 46309 | C75: 91565948 | D75: com.reefgames.fabletown | E75: RU | F75: Bigo | G75: 3 | H75: 0.245 | I75: 0.7346
A76: =WEEKNUM(B76,2) -> 42 | B76: 46309 | C76: 91550293 | D76: net.peakgames.Yuzbir | E76: TR | F76: MTG | G76: 11 | H76: 0.35 | I76: 3.85
A77: =WEEKNUM(B77,2) -> 42 | B77: 46309 | C77: 91557347 | D77: robot.zaimer.ru | E77: RU | F77: MTG | G77: 50 | H77: 0.8 | I77: 40
A78: =WEEKNUM(B78,2) -> 42 | B78: 46309 | C78: 91564896 | D78: com.game.friends.ru | E78: RU | F78: MTG | G78: 39 | H78: 0.4 | I78: 15.6
A79: =WEEKNUM(B79,2) -> 42 | B79: 46309 | C79: 12306671 | D79: com.nagwa.classes | E79: EG | F79: Eagllwin | G79: 5 | H79: 0.22 | I79: 1.1
A80: =WEEKNUM(B80,2) -> 42 | B80: 46309 | C80: 91567363 | D80: com.oakever.meowdoku | E80: RU | F80: MTG | G80: 194 | H80: 0.25 | I80: 48.5
A81: =WEEKNUM(B81,2) -> 42 | B81: 46309 | C81: 91567806 | D81: com.oakever.meowdoku | E81: MX | F81: MTG | G81: 112 | H81: 0.15 | I81: 16.8
A82: =WEEKNUM(B82,2) -> 42 | B82: 46309 | C82: 5365721 | D82: sports.caliente.mx.calientedeportes | E82: MX | F82: MTG | G82: 100 | H82: 0.5 | I82: 50
... A177: =WEEKNUM(B177,2) -> 42 | B177: 46308 | C177: 10501490 | D177: tech.jm | E177: RU | F177: MTG | G177: 13 | H177: 0.13 | I177: 1.69
A178: =WEEKNUM(B178,2) -> 42 | B178: 46308 | C178: 10912510 | D178: com.amazon.mShop.android.shopping | E178: BR | F178: Kwai | G178: 373 | H178: 0.21 | I178: 78.44 | J178: 60.426
A179: =WEEKNUM(B179,2) -> 42 | B179: 46308 | C179: 11080098 | D179: com.fxpro.direct.application | E179: PK | F179: MTG | G179: 1 | H179: 0.6 | I179: 0.6
A180: =WEEKNUM(B180,2) -> 42 | B180: 46308 | C180: 11715627 | D180: com.esprit.rpg.cntrctfft | E180: RU | F180: MTG | G180: 0 | H180: 0 | I180: 0
A181: =WEEKNUM(B181,2) -> 42 | B181: 46308 | C181: 11715655 | D181: com.king.candycrushsodasaga | E181: BR | F181: MTG | G181: 0 | H181: 0 | I181: 0
A182: =WEEKNUM(B182,2) -> 42 | B182: 46308 | C182: 11715811 | D182: com.king.candycrushsodasaga | E182: TH | F182: MTG | G182: 0 | H182: 0 | I182: 0
A183: =WEEKNUM(B183,2) -> 42 | B183: 46308 | C183: 11729927 | D183: com.amazon.mShop.android.shopping | E183: ZA | F183: MTG | G183: 0 | H183: 0 | I183: 0
A184: =WEEKNUM(B184,2) -> 42 | B184: 46308 | C184: 11729820 | D184: com.amazon.mShop.android.shopping | E184: AE | F184: MTG | G184: 0 | H184: 0 | I184: 0
A185: =WEEKNUM(B185,2) -> 42 | B185: 46308 | C185: 11729830 | D185: com.amazon.mShop.android.shopping | E185: BR | F185: Bigo | G185: 0 | H185: 0 | I185: 0
A186: =WEEKNUM(B186,2) -> 42 | B186: 46308 | C186: 11892329 | D186: com.amazon.mShop.android.shopping | E186: BR | F186: MTG | G186: 1000 | H186: 0.25 | I186: 250
A187: =WEEKNUM(B187,2) -> 42 | B187: 46308 | C187: 91560708 | D187: com.king.candycrushsaga | E187: FR | F187: MTG | G187: 179 | H187: 0.101 | I187: 18.16
A188: =WEEKNUM(B188,2) -> 42 | B188: 46308 | C188: 91560709 | D188: com.king.candycrushsaga | E188: VN | F188: MTG | G188: 551 | H188: 0.06 | I188: 33.06
A189: =WEEKNUM(B189,2) -> 42 | B189: 46308 | C189: 12064281 | D189: com.king.candycrushsodasaga | E189: DE | F189: MTG | G189: 0 | H189: 0 | I189: 0
A190: =WEEKNUM(B190,2) -> 42 | B190: 46308 | C190: 11987622 | D190: com.amazon.mShop.android.shopping | E190: BR | F190: Kwai | G190: 4 | H190: 0.39 | I190: 1.57 | J190: 1.574
A191: =WEEKNUM(B191,2) -> 42 | B191: 46308 | C191: 91567811 | D191: ru.banki.banki | E191: RU | F191: MTG | G191: 22 | H191: 1 | I191: 22
A192: =WEEKNUM(B192,2) -> 42 | B192: 46308 | C192: 91548044 | D192: ru.banki.banki | E192: RU | F192: Bigo | G192: 36 | H192: 1.391 | I192: 50.0842
A193: =WEEKNUM(B193,2) -> 42 | B193: 46308 | C193: 12801942 | D193: com.amazon.mShop.android.shopping | E193: BR | F193: TaurusX | G193: 0 | H193: 0 | I193: 1.34
A194: =WEEKNUM(B194,2) -> 42 | B194: 46308 | C194: 13084710 | D194: com.amazon.mShop.android.shopping | E194: BR | F194: MTG | G194: 200 | H194: 0.23 | I194: 46
A195: =WEEKNUM(B195,2) -> 42 | B195: 46308 | C195: 13226265 | D195: com.amazon.mShop.android.shopping | E195: TR | F195: TaurusX | G195: 0 | H195: 0 | I195: 0.19
A196: =WEEKNUM(B196,2) -> 42 | B196: 46308 | C196: 12814874 | D196: com.amazon.mShop.android.shopping | E196: ZA | F196: TaurusX | G196: 5 | H196: 0.93 | I196: 4.64
A197: =WEEKNUM(B197,2) -> 42 | B197: 46308 | C197: 12814889 | D197: com.amazon.mShop.android.shopping | E197: AE | F197: TaurusX | G197: 0 | H197: 0 | I197: 0.13
A198: =WEEKNUM(B198,2) -> 42 | B198: 46308 | C198: 12814931 | D198: com.amazon.mShop.android.shopping | E198: SA | F198: TaurusX | G198: 0 | H198: 0 | I198: 0.82
A199: =WEEKNUM(B199,2) -> 42 | B199: 46308 | C199: 6061077 | D199: ru.aliexpress.buyer | E199: RU | F199: MTG | G199: 8 | H199: 0.24 | I199: 1.923
A200: =WEEKNUM(B200,2) -> 42 | B200: 46308 | C200: 6607117 | D200: ru.aliexpress.buyer | E200: RU | F200: MTG | G200: 255 | H200: 0.747 | I200: 190.426
A201: =WEEKNUM(B201,2) -> 42 | B201: 46308 | C201: 5497580 | D201: com.king.candycrushsaga | E201: TH | F201: MTG | G201: 1372 | H201: 0.253 | I201: 347.627
A202: =WEEKNUM(B202,2) -> 42 | B202: 46308 | C202: 91407542 | D202: com.king.candycrushsaga | E202: ID | F202: MTG | G202: 6 | H202: 0.022 | I202: 0.134
... A226: =WEEKNUM(B226,2) -> 42 | B226: 46308 | C226: 91399821 | D226: ru.kinopoisk | E226: RU | F226: Mediago | G226: 0 | H226: 0 | I226: 0
A227: =WEEKNUM(B227,2) -> 42 | B227: 46308 | C227: 8670368 | D227: com.king.candycrushsodasaga | E227: BR | F227: Kwai | G227: 21 | H227: 0.24 | I227: 5.1 | J227: 0
A228: =WEEKNUM(B228,2) -> 42 | B228: 46308 | C228: 10514860 | D228: com.esprit.rpg.lttlefirykng | E228: RU | F228: MTG | G228: 91 | H228: 0.75 | I228: 68.22
A229: =WEEKNUM(B229,2) -> 42 | B229: 46308 | C229: 91532857 | D229: com.reefgames.fabletown | E229: RU | F229: Bigo | G229: 33 | H229: 0.146 | I229: 4.8163
A230: =WEEKNUM(B230,2) -> 42 | B230: 46308 | C230: 91545519 | D230: com.vuclip.viu | E230: MY | F230: MTG | G230: 73 | H230: 0.155 | I230: 11.32
A231: =WEEKNUM(B231,2) -> 42 | B231: 46308 | C231: 91551388 | D231: com.netease.newspike | E231: US | F231: Bigo | G231: 26 | H231: 0.794 | I231: 20.6312
A232: =WEEKNUM(B232,2) -> 42 | B232: 46308 | C232: 91565948 | D232: com.reefgames.fabletown | E232: RU | F232: Bigo | G232: 2 | H232: 0.143 | I232: 0.2861
A233: =WEEKNUM(B233,2) -> 42 | B233: 46308 | C233: 91550293 | D233: net.peakgames.Yuzbir | E233: TR | F233: MTG | G233: 14 | H233: 0.35 | I233: 4.9
A234: =WEEKNUM(B234,2) -> 42 | B234: 46308 | C234: 91557347 | D234: robot.zaimer.ru | E234: RU | F234: MTG | G234: 31 | H234: 0.8 | I234: 24.8
A235: =WEEKNUM(B235,2) -> 42 | B235: 46308 | C235: 91564896 | D235: com.game.friends.ru | E235: RU | F235: MTG | G235: 38 | H235: 0.4 | I235: 15.2
A236: =WEEKNUM(B236,2) -> 42 | B236: 46308 | C236: 12306671 | D236: com.nagwa.classes | E236: EG | F236: Eagllwin | G236: 10 | H236: 0.22 | I236: 2.2
A237: =WEEKNUM(B237,2) -> 42 | B237: 46308 | C237: 91567363 | D237: com.oakever.meowdoku | E237: RU | F237: MTG | G237: 85 | H237: 0.25 | I237: 21.25
A238: =WEEKNUM(B238,2) -> 42 | B238: 46308 | C238: 91567806 | D238: com.oakever.meowdoku | E238: MX | F238: MTG | G238: 78 | H238: 0.15 | I238: 11.7
A239: =WEEKNUM(B239,2) -> 42 | B239: 46308 | C239: 5365721 | D239: sports.caliente.mx.calientedeportes | E239: MX | F239: MTG | G239: 100 | H239: 0.5 | I239: 50
... A243: =WEEKNUM(B243,2) -> 42 | B243: 46308 | C243: 12810820 | D243: ru.mail.cloud | E243: RU | F243: TaurusX | G243: 0 | H243: 0 | I243: 0
A244: =WEEKNUM(B244,2) -> 42 | B244: 46308 | C244: 12814983 | D244: com.amazon.mShop.android.shopping | E244: MX | F244: TaurusX | G244: 0 | H244: 0 | I244: =0.24+1.21 -> 1.45
A245: =WEEKNUM(B245,2) -> 42 | B245: 46308 | C245: 91574956 | D245: com.game.friends.ru | E245: RU | F245: TaurusX | G245: 0 | H245: 0 | I245: 0.01
A246: =WEEKNUM(B246,2) -> 42 | B246: 46308 | C246: 91574957 | D246: com.oakever.meowdoku | E246: RU | F246: TaurusX | G246: 0 | H246: 0 | I246: 0.01
A247: =WEEKNUM(B247,2) -> 42 | B247: 46308 | C247: 91574959 | D247: com.oakever.meowdoku | E247: MX | F247: TaurusX | G247: 1 | H247: 3.74 | I247: 3.74
A248: =WEEKNUM(B248,2) -> 42 | B248: 46308 | C248: 91574961 | D248: net.peakgames.Yuzbir | E248: TR | F248: TaurusX | G248: 0 | H248: 0 | I248: 0.82
A249: =WEEKNUM(B249,2) -> 42 | B249: 46308 | C249: 91574966 | D249: robot.zaimer.ru | E249: RU | F249: TaurusX | G249: 0 | H249: 0 | I249: 0.11
...

Sheet 优化师维度统计
A1: 日期 | B1: 投放人 | C1: Adpingid | D1: 包名 | E1: 地区 | F1: 平台 | G1: 单价 | H1: Daily install cap | I1: Weekly budget | J1: 时段 | K1: 展示 | L1: 点击 | M1: 转化 | N1: CPC | O1: CPI | P1: 花费 | Q1: cap达成率
A2: 每日汇总 | B2: 周四 | K2: =SUM(K3:K506) -> 363304 | L2: =SUM(L3:L506) -> 44602 | P2: =SUM(P3:P506) -> 202.1931
A3: 46310 | B3: 黄政 | C3: 10813123 | D3: com.amazon.mShop.android.shopping | E3: BR | F3: Bigo | G3: 0.25 | H3: 1000 | I3: =G3*H3*7 -> 1750 | J3: 截止10点 | K3: 28015 | L3: 611 | M3: 4 | N3: 0 | O3: 0.563 | P3: 2.2529 | Q3: =M5/H3 -> 0
J4: 截止18点
J5: 截止24点
C6: 1745925 | D6: tech.jm | E6: RU | F6: MTG | G6: 0.15 | H6: 600 | I6: =G6*H6*7 -> 630 | J6: 截止10点 | K6: 396 | L6: 134 | M6: 0 | N6: 0 | O6: 0 | P6: 0 | Q6: =M8/H6 -> 0
J7: 截止18点
J8: 截止24点
C9: 6951600 | D9: com.king.candycrushsodasaga | E9: TH | F9: MTG | G9: 0.17 | H9: 100 | I9: =G9*H9*7 -> 119 | J9: 截止10点 | K9: 211 | L9: 83 | M9: 0 | N9: 0 | O9: 0 | P9: 0 | Q9: =M11/H9 -> 0
J10: 截止18点
J11: 截止24点
C12: 6951594 | D12: com.king.candycrushsodasaga | E12: DE | F12: MTG | G12: 0.7 | H12: 400 | I12: =G12*H12*7 -> 1960 | J12: 截止10点 | K12: 1132 | L12: 539 | M12: 0 | N12: 0 | O12: 0 | P12: 0 | Q12: =M14/H12 -> 0
J13: 截止18点
J14: 截止24点
C15: 2732727 | D15: com.amazon.mShop.android.shopping | E15: SA | F15: MTG | G15: 0.25 | H15: 1000 | I15: =G15*H15*7 -> 1750 | J15: 截止10点 | K15: 330 | L15: 125 | M15: 29 | N15: 0.058 | O15: 0.248 | P15: 7.2 | Q15: =M17/H15 -> 0
J16: 截止18点
J17: 截止24点
C18: 5619156 | D18: com.amazon.mShop.android.shopping | E18: SA | F18: Bigo | G18: 0.24 | H18: 500 | I18: =G18*H18*7 -> 840 | J18: 截止10点 | K18: 25160 | L18: 4535 | M18: 1 | N18: 0 | O18: 0.8957 | P18: 0.8957 | Q18: =M20/H18 -> 0
J19: 截止18点
J20: 截止24点
C21: 6425889 | D21: com.amazon.mShop.android.shopping | E21: ZA | F21: MTG | G21: 0.25 | H21: 400 | I21: =G21*H21*7 -> 700 | J21: 截止10点 | K21: 65 | L21: 17 | M21: 0 | N21: 0 | O21: 0 | P21: 0 | Q21: 0.003
J22: 截止18点
J23: 截止24点
C24: 6439005 | D24: com.amazon.mShop.android.shopping | E24: ZA | F24: Eagllwin | G24: 0.3 | H24: 300 | I24: =G24*H24*7 -> 630 | J24: 截止10点 | K24: 0 | L24: 0 | M24: 0 | N24: 0 | O24: 0 | P24: 0 | Q24: =M26/H24 -> 0
J25: 截止18点
J26: 截止24点
C27: 7203110 | D27: com.fxpro.direct.application | E27: SY | F27: MTG | G27: 0.2 | H27: 100 | I27: =G27*H27*7 -> 140 | J27: 截止10点 | K27: 0 | L27: 0 | M27: 0 | N27: 0 | O27: 0 | P27: 0 | Q27: =M29/H27 -> 0
J28: 截止18点
J29: 截止24点
C30: 7202934 | D30: com.fxpro.direct.application | E30: PK | F30: MTG | G30: 0.35 | H30: 200 | I30: =G30*H30*7 -> 490 | J30: 截止10点 | K30: 1244 | L30: 633 | M30: 0 | N30: 0 | O30: 0 | P30: 0 | Q30: 0
J31: 截止18点
J32: 截止24点
C33: 5847496 | D33: com.amazon.mShop.android.shopping | E33: AE | F33: Bigo | G33: 0.3 | H33: 200 | I33: =G33*H33*7 -> 420 | J33: 截止10点 | K33: 642 | L33: 42 | M33: 0 | N33: 0 | O33: 0 | P33: 0.0607 | Q33: =M35/H33 -> 0
J34: 截止18点
J35: 截止24点
C36: 7572369 | D36: com.amazon.mShop.android.shopping | E36: AE | F36: MTG | G36: 0.3 | H36: 400 | I36: =G36*H36*7 -> 840 | J36: 截止10点 | K36: 6 | L36: 1 | M36: 0 | N36: 0 | O36: 0 | P36: 0 | Q36: =M38/H36 -> 0
J37: 截止18点
J38: 截止24点
C39: 8460883 | D39: com.king.candycrushsodasaga | E39: BR | F39: MTG | G39: 0.14 | H39: 900 | I39: =G39*H39*7 -> 882 | J39: 截止10点 | K39: 4467 | L39: 1338 | M39: 66 | N39: 0.007 | O39: 0.14 | P39: 9.268 | Q39: =M41/H39 -> 0
J40: 截止18点
J41: 截止24点
C42: 8531973 | D42: com.king.candycrushsodasaga | E42: DE | F42: Mediago | G42: 0.45 | H42: 150 | I42: =G42*H42*7 -> 472.5 | J42: 截止10点 | K42: 0 | L42: 0 | M42: 0 | N42: 0 | O42: 0 | P42: 0 | Q42: =M44/H42 -> 0
J43: 截止18点
J44: 截止24点
C45: 7872826 | D45: asrtum.ent.domovyata | E45: RU | F45: MTG | G45: 0.48 | H45: 100 | I45: =G45*H45*7 -> 336 | J45: 截止10点 | K45: 0 | L45: 0 | M45: 0 | N45: 0 | O45: 0 | P45: 0 | Q45: =M47/H45 -> 0
J46: 截止18点
J47: 截止24点
C48: 9311355 | D48: com.esprit.rpg.cntrctfft | E48: RU | F48: MTG | G48: 0.15 | H48: 80 | I48: =G48*H48*7 -> 84 | J48: 截止10点 | K48: 0 | L48: 0 | M48: 0 | N48: 0 | O48: 0 | P48: 0 | Q48: =M50/H48 -> 0
J49: 截止18点
J50: 截止24点
C51: 10501490 | D51: tech.jm | E51: RU | F51: MTG | G51: 0.15 | H51: 100 | I51: =G51*H51*7 -> 105 | J51: 截止10点 | K51: 0 | L51: 0 | M51: 0 | N51: 0 | O51: 0 | P51: 0 | Q51: =M53/H51 -> 0
J52: 截止18点
J53: 截止24点
C54: 10912510 | D54: com.amazon.mShop.android.shopping | E54: BR | F54: Kwai | G54: 0.17 | H54: 1500 | I54: =G54*H54*7 -> 1785 | J54: 截止10点 | K54: 7869 | L54: 1279 | M54: 15 | N54: 0 | O54: 0.5 | P54: 7.44 | Q54: =M56/H54 -> 0
J55: 截止18点
J56: 截止24点
C57: 11080098 | D57: com.fxpro.direct.application | E57: PK | F57: MTG | G57: 0.6 | H57: 100 | I57: =G57*H57*7 -> 420 | J57: 截止10点 | K57: 0 | L57: 0 | M57: 0 | N57: 0 | O57: 0 | P57: 0 | Q57: =M59/H57 -> 0
J58: 截止18点
J59: 截止24点
C60: 11715627 | D60: com.esprit.rpg.cntrctfft | E60: RU | F60: MTG | G60: 0.4 | H60: 100 | I60: =G60*H60*7 -> 280 | J60: 截止10点 | K60: 0 | L60: 0 | M60: 0 | N60: 0 | O60: 0 | P60: 0 | Q60: =M62/H60 -> 0
J61: 截止18点
J62: 截止24点
C63: 11715655 | D63: com.king.candycrushsodasaga | E63: BR | F63: MTG | G63: 0.15 | H63: 100 | I63: =G63*H63*7 -> 105 | J63: 截止10点 | K63: 0 | L63: 0 | M63: 0 | N63: 0 | O63: 0 | P63: 0 | Q63: =M65/H63 -> 0
J64: 截止18点
J65: 截止24点
C66: 11715811 | D66: com.king.candycrushsodasaga | E66: TH | F66: MTG | G66: 0.17 | H66: 100 | I66: =G66*H66*7 -> 119 | J66: 截止10点 | K66: 0 | L66: 0 | M66: 0 | N66: 0 | O66: 0 | P66: 0 | Q66: =M68/H66 -> 0
J67: 截止18点
J68: 截止24点
C69: 11729927 | D69: com.amazon.mShop.android.shopping | E69: ZA | F69: MTG | G69: 0.25 | H69: 100 | I69: =G69*H69*7 -> 175 | J69: 截止10点 | K69: 0 | L69: 0 | M69: 0 | N69: 0 | O69: 0 | P69: 0 | Q69: =M71/H69 -> 0
J70: 截止18点
J71: 截止24点
C72: 11729820 | D72: com.amazon.mShop.android.shopping | E72: AE | F72: MTG | G72: 0.3 | H72: 100 | I72: =G72*H72*7 -> 210 | J72: 截止10点 | K72: 0 | L72: 0 | M72: 0 | N72: 0 | O72: 0 | P72: 0 | Q72: =M74/H72 -> 0
J73: 截止18点
J74: 截止24点
C75: 11729830 | D75: com.amazon.mShop.android.shopping | E75: BR | F75: Bigo | G75: 0.17 | H75: 100 | I75: =G75*H75*7 -> 119 | J75: 截止10点 | K75: 0 | L75: 0 | M75: 0 | N75: 0 | O75: 0 | P75: 0 | Q75: =M77/H75 -> 0
J76: 截止18点
J77: 截止24点
C78: 11892329 | D78: com.amazon.mShop.android.shopping | E78: BR | F78: MTG | G78: 0.25 | H78: 1500 | I78: =G78*H78*7 -> 2625 | J78: 截止10点 | K78: 240 | L78: 29 | M78: 0 | N78: 0 | O78: 0 | P78: 0 | Q78: =M80/H78 -> 0
J79: 截止18点
J80: 截止24点
C81: 91560708 | D81: com.king.candycrushsaga | E81: FR | F81: MTG | G81: 0.09 | H81: 800 | I81: =G81*H81*7 -> 504 | J81: 截止10点 | K81: 32 | L81: 2 | M81: 0 | N81: 0 | O81: 0 | P81: 0 | Q81: =M83/H81 -> 0
J82: 截止18点
J83: 截止24点
C84: 91560709 | D84: com.king.candycrushsaga | E84: VN | F84: MTG | G84: 0.06 | H84: 1000 | I84: =G84*H84*7 -> 420 | J84: 截止10点 | K84: 1769 | L84: 1083 | M84: 24 | N84: 0.001 | O84: 0.06 | P84: 1.44 | Q84: =M86/H84 -> 0
J85: 截止18点
J86: 截止24点
C87: 12064281 | D87: com.king.candycrushsodasaga | E87: DE | F87: MTG | G87: 0.7 | H87: 100 | I87: =G87*H87*7 -> 490 | J87: 截止10点 | K87: 0 | L87: 0 | M87: 0 | N87: 0 | O87: 0 | P87: 0 | Q87: =M89/H87 -> 0
J88: 截止18点
J89: 截止24点
C90: 11987622 | D90: com.amazon.mShop.android.shopping | E90: BR | F90: Kwai | G90: 0.23 | H90: 200 | I90: =G90*H90*7 -> 322 | J90: 截止10点 | K90: 0 | L90: 0 | M90: 0 | N90: 0 | O90: 0 | P90: 0 | Q90: =M92/H90 -> 0
J91: 截止18点
J92: 截止24点
C93: 91567811 | D93: ru.banki.banki | E93: RU | F93: MTG | G93: 1 | H93: 200 | I93: =G93*H93*7 -> 1400 | J93: 截止10点 | K93: 58 | L93: 5 | M93: 0 | N93: 0 | O93: 0 | P93: 0 | Q93: =M95/H93 -> 0
J94: 截止18点
J95: 截止24点
C96: 91548044 | D96: ru.banki.banki | E96: RU | F96: Bigo | G96: 1 | H96: 50 | I96: =G96*H96*7 -> 350 | J96: 截止10点 | K96: 0 | L96: 0 | M96: 0 | N96: 0 | O96: 0 | P96: 0 | Q96: =M98/H96 -> 0
J97: 截止18点
J98: 截止24点
C99: 12801942 | D99: com.amazon.mShop.android.shopping | E99: BR | F99: TaurusX | G99: 0.23 | H99: 300 | I99: =G99*H99*7 -> 483 | J99: 截止10点 | K99: 0 | L99: 0 | M99: 0 | N99: 0 | O99: 0 | P99: 0 | Q99: =M101/H99 -> 0
J100: 截止18点
...

Sheet Playable素材统计
A1: 日期 | B1: 投放人 | C1: Adpingid | D1: 包名 | E1: 地区 | F1: 平台 | G1: 单价 | H1: Daily install cap | I1: Weekly budget | J1: 时段 | K1: 展示 | L1: 点击 | M1: 转化 | N1: CPC | O1: CPI | P1: 花费 | Q1: cap达成率 | S1: CTR | T1: CVR
A2: 每日汇总 | B2: 周四 | K2: =SUM(K3:K6) -> 0 | L2: =SUM(L3:L6) -> 0 | P2: =SUM(P3:P6) -> 0
A3: 46310 | B3: 万科 | C3: 8998645 | D3: com.king.candycrushsaga | E3: TH | F3: MTG | G3: 0.28 | H3: 200 | I3: =G3*H3*7 -> 392 | J3: 截止24点 | Q3: =M3/H3 -> 0 | S3: =IFERROR(L3/K3,0) -> 0 | T3: =IFERROR(M3/L3,0) -> 0
C4: 5497580 | D4: com.king.candycrushsaga | E4: TH | F4: MTG | G4: 0.28 | H4: 1300 | I4: =G4*H4*7 -> 2548 | J4: 截止24点 | Q4: =M4/H4 -> 0 | S4: =IFERROR(L4/K4,0) -> 0 | T4: =IFERROR(M4/L4,0) -> 0
C5: 91407542 | D5: com.king.candycrushsaga | E5: ID | F5: MTG | G5: 0.02 | H5: 600 | I5: =G5*H5*7 -> 84 | J5: 截止24点 | Q5: =M5/H5 -> 0 | S5: =IFERROR(L5/K5,0) -> 0 | T5: =IFERROR(M5/L5,0) -> 0
B6: 黄政 | C6: 6951594 | D6: com.king.candycrushsodasaga | E6: DE | F6: MTG | G6: 0.6 | H6: 250 | I6: =G6*H6*7 -> 1050 | J6: 截止24点 | Q6: =M6/H6 -> 0 | S6: =IFERROR(L6/K6,0) -> 0 | T6: =IFERROR(M6/L6,0) -> 0
B7: 谭超 | C7: 7815836 | D7: com.kwai.bulldog | E7: ID | F7: MTG | G7: 0.08 | H7: 12000 | I7: =G7*H7*7 -> 6720 | J7: 截止24点 | Q7: =M7/H7 -> 0 | S7: =IFERROR(L7/K7,0) -> 0 | T7: =IFERROR(M7/L7,0) -> 0
A9: 每日汇总 | B9: 周三 | K9: =SUM(K10:K13) -> 136514 | L9: =SUM(L10:L13) -> 84089 | P9: =SUM(P10:P13) -> 421.755
A10: 46309 | B10: 万科 | C10: 8998645 | D10: com.king.candycrushsaga | E10: TH | F10: MTG | G10: 0.28 | H10: 200 | I10: =G10*H10*7 -> 392 | J10: 截止24点 | K10: 21216 | L10: 12341 | M10: 125 | N10: 0.005 | O10: 0.491 | P10: 61.33 | Q10: =M10/H10 -> 0.625 | S10: =IFERROR(L10/K10,0) -> 0.58168363 | T10: =IFERROR(M10/L10,0) -> 0.010128839
C11: 5497580 | D11: com.king.candycrushsaga | E11: TH | F11: MTG | G11: 0.28 | H11: 1300 | I11: =G11*H11*7 -> 2548 | J11: 截止24点 | K11: 78466 | L11: 48808 | M11: 1147 | N11: 0.006 | O11: 0.255 | P11: 292.435 | Q11: =M11/H11 -> 0.88230769 | S11: =IFERROR(L11/K11,0) -> 0.62202737 | T11: =IFERROR(M11/L11,0) -> 0.023500246
C12: 91407542 | D12: com.king.candycrushsaga | E12: ID | F12: MTG | G12: 0.02 | H12: 600 | I12: =G12*H12*7 -> 84 | J12: 截止24点 | K12: 49 | L12: 21 | M12: 1 | N12: 0.001 | O12: 0.02 | P12: 0.02 | Q12: =M12/H12 -> 0.0016666667 | S12: =IFERROR(L12/K12,0) -> 0.42857143 | T12: =IFERROR(M12/L12,0) -> 0.047619048
B13: 黄政 | C13: 6951594 | D13: com.king.candycrushsodasaga | E13: DE | F13: MTG | G13: 0.6 | H13: 250 | I13: =G13*H13*7 -> 1050 | J13: 截止24点 | K13: 36783 | L13: 22919 | M13: 97 | N13: 0.003 | O13: 0.701 | P13: 67.97 | Q13: =M13/H13 -> 0.388 | S13: =IFERROR(L13/K13,0) -> 0.62308675 | T13: =IFERROR(M13/L13,0) -> 0.0042322963
B14: 谭超 | C14: 7815836 | D14: com.kwai.bulldog | E14: ID | F14: MTG | G14: 0.08 | H14: 12000 | I14: =G14*H14*7 -> 6720 | J14: 截止24点 | K14: 130803 | L14: 88290 | M14: 1334 | N14: 0.002 | O14: 0.11 | P14: 146.95 | Q14: =M14/H14 -> 0.11116667 | S14: =IFERROR(L14/K14,0) -> 0.67498452 | T14: =IFERROR(M14/L14,0) -> 0.015109299
A16: 每日汇总 | B16: 周二 | K16: =SUM(K17:K20) -> 112789 | L16: =SUM(L17:L20) -> 71862 | P16: =SUM(P17:P20) -> 380.965
A17: 46308 | B17: 万科 | C17: 8998645 | D17: com.king.candycrushsaga | E17: TH | F17: MTG | G17: 0.28 | H17: 200 | I17: =G17*H17*7 -> 392 | J17: 截止24点 | K17: 7960 | L17: 4789 | M17: 81 | N17: 0.008 | O17: 0.488 | P17: 39.5 | Q17: =M17/H17 -> 0.405 | S17: =IFERROR(L17/K17,0) -> 0.60163317 | T17: =IFERROR(M17/L17,0) -> 0.016913761
C18: 5497580 | D18: com.king.candycrushsaga | E18: TH | F18: MTG | G18: 0.28 | H18: 1300 | I18: =G18*H18*7 -> 2548 | J18: 截止24点 | K18: 68287 | L18: 43979 | M18: 1086 | N18: 0.006 | O18: 0.254 | P18: 276.155 | Q18: =M18/H18 -> 0.83538462 | S18: =IFERROR(L18/K18,0) -> 0.64403181 | T18: =IFERROR(M18/L18,0) -> 0.024693604
C19: 91407542 | D19: com.king.candycrushsaga | E19: ID | F19: MTG | G19: 0.02 | H19: 600 | I19: =G19*H19*7 -> 84 | J19: 截止24点 | K19: 60 | L19: 31 | M19: 0 | N19: 0 | O19: 0 | P19: 0 | Q19: =M19/H19 -> 0 | S19: =IFERROR(L19/K19,0) -> 0.51666667 | T19: =IFERROR(M19/L19,0) -> 0
B20: 黄政 | C20: 6951594 | D20: com.king.candycrushsodasaga | E20: DE | F20: MTG | G20: 0.6 | H20: 250 | I20: =G20*H20*7 -> 1050 | J20: 截止24点 | K20: 36482 | L20: 23063 | M20: 93 | N20: 0.003 | O20: 0.702 | P20: 65.31 | Q20: =M20/H20 -> 0.372 | S20: =IFERROR(L20/K20,0) -> 0.63217477 | T20: =IFERROR(M20/L20,0) -> 0.0040324329
B21: 周梓君 | C21: 12072287 | D21: com.yandex.bank | E21: RU | F21: MTG | G21: 0.5 | H21: 200 | I21: =G21*H21*7 -> 700 | J21: 截止24点 | K21: 45 | L21: 12 | M21: 1 | N21: 0.17 | O21: 2.034 | P21: 2.034 | Q21: =M21/H21 -> 0.005 | S21: =IFERROR(L21/K21,0) -> 0.26666667 | T21: =IFERROR(M21/L21,0) -> 0.083333333 | U21: 10/13 暂停
B22: 谭超 | C22: 7815836 | D22: com.kwai.bulldog | E22: ID | F22: MTG | G22: 0.08 | H22: 12000 | I22: =G22*H22*7 -> 6720 | J22: 截止24点 | K22: 179999 | L22: 124288 | M22: 1445 | N22: 0.001 | O22: 0.11 | P22: 158.92 | Q22: =M22/H22 -> 0.12041667 | S22: =IFERROR(L22/K22,0) -> 0.69049272 | T22: =IFERROR(M22/L22,0) -> 0.011626223
A24: 每日汇总 | B24: 周一 | K24: =SUM(K25:K28) -> 122005 | L24: =SUM(L25:L28) -> 77427 | P24: =SUM(P25:P28) -> 422.792
A25: 46307 | B25: 万科 | C25: 8998645 | D25: com.king.candycrushsaga | E25: TH | F25: MTG | G25: 0.28 | H25: 200 | I25: =G25*H25*7 -> 392 | J25: 截止24点 | K25: 12696 | L25: 7459 | M25: 134 | N25: 0.01 | O25: 0.537 | P25: 71.964 | Q25: =M25/H25 -> 0.67 | S25: =IFERROR(L25/K25,0) -> 0.58750788 | T25: =IFERROR(M25/L25,0) -> 0.017964875
C26: 5497580 | D26: com.king.candycrushsaga | E26: TH | F26: MTG | G26: 0.28 | H26: 1300 | I26: =G26*H26*7 -> 2548 | J26: 截止24点 | K26: 74655 | L26: 47499 | M26: 1138 | N26: 0.006 | O26: 0.254 | P26: 288.878 | Q26: =M26/H26 -> 0.87538462 | S26: =IFERROR(L26/K26,0) -> 0.63624673 | T26: =IFERROR(M26/L26,0) -> 0.023958399
C27: 91407542 | D27: com.king.candycrushsaga | E27: ID | F27: MTG | G27: 0.02 | H27: 600 | I27: =G27*H27*7 -> 84 | J27: 截止24点 | K27: 125 | L27: 88 | M27: 0 | N27: 0 | O27: 0 | P27: 0 | Q27: =M27/H27 -> 0 | S27: =IFERROR(L27/K27,0) -> 0.704 | T27: =IFERROR(M27/L27,0) -> 0
B28: 黄政 | C28: 6951594 | D28: com.king.candycrushsodasaga | E28: DE | F28: MTG | G28: 0.6 | H28: 250 | I28: =G28*H28*7 -> 1050 | J28: 截止24点 | K28: 34529 | L28: 22381 | M28: 88 | N28: 0.003 | O28: 0.704 | P28: 61.95 | Q28: =M28/H28 -> 0.352 | S28: =IFERROR(L28/K28,0) -> 0.64817979 | T28: =IFERROR(M28/L28,0) -> 0.0039319065
B29: 周梓君 | C29: 12072287 | D29: com.yandex.bank | E29: RU | F29: MTG | G29: 0.5 | H29: 200 | I29: =G29*H29*7 -> 700 | J29: 截止24点 | K29: 296 | L29: 60 | M29: 4 | N29: 0.013 | O29: 0.188 | P29: 0.752 | Q29: =M29/H29 -> 0.02 | S29: =IFERROR(L29/K29,0) -> 0.2027027 | T29: =IFERROR(M29/L29,0) -> 0.066666667
B30: 谭超 | C30: 7815836 | D30: com.kwai.bulldog | E30: ID | F30: MTG | G30: 0.08 | H30: 12000 | I30: =G30*H30*7 -> 6720 | J30: 截止24点 | K30: 157765 | L30: 108519 | M30: 1313 | N30: 0.001 | O30: 0.11 | P30: 144.17 | Q30: =M30/H30 -> 0.10941667 | S30: =IFERROR(L30/K30,0) -> 0.68785219 | T30: =IFERROR(M30/L30,0) -> 0.012099264
A32: 每日汇总 | B32: 周日 | K32: =SUM(K33:K36) -> 157198 | L32: =SUM(L33:L36) -> 99324 | P32: =SUM(P33:P36) -> 488.113
A33: 46306 | B33: 万科 | C33: 8998645 | D33: com.king.candycrushsaga | E33: TH | F33: MTG | G33: 0.28 | H33: 200 | I33: =G33*H33*7 -> 392 | J33: 截止24点 | K33: 30598 | L33: 18293 | M33: 137 | N33: 0.005 | O33: 0.615 | P33: 84.269 | Q33: =M33/H33 -> 0.685 | S33: =IFERROR(L33/K33,0) -> 0.59784953 | T33: =IFERROR(M33/L33,0) -> 0.0074892035
C34: 5497580 | D34: com.king.candycrushsaga | E34: TH | F34: MTG | G34: 0.28 | H34: 1300 | I34: =G34*H34*7 -> 2548 | J34: 截止24点 | K34: 91729 | L34: 58300 | M34: 1267 | N34: 0.006 | O34: 0.256 | P34: 324.354 | Q34: =M34/H34 -> 0.97461538 | S34: =IFERROR(L34/K34,0) -> 0.63556781 | T34: =IFERROR(M34/L34,0) -> 0.021732419
C35: 91407542 | D35: com.king.candycrushsaga | E35: ID | F35: MTG | G35: 0.02 | H35: 600 | I35: =G35*H35*7 -> 84 | J35: 截止24点 | K35: 321 | L35: 196 | M35: 2 | N35: 0 | O35: 0.02 | P35: 0.04 | Q35: =M35/H35 -> 0.0033333333 | S35: =IFERROR(L35/K35,0) -> 0.6105919 | T35: =IFERROR(M35/L35,0) -> 0.010204082
B36: 黄政 | C36: 6951594 | D36: com.king.candycrushsodasaga | E36: DE | F36: MTG | G36: 0.6 | H36: 250 | I36: =G36*H36*7 -> 1050 | J36: 截止24点 | K36: 34550 | L36: 22535 | M36: 113 | N36: 0.004 | O36: 0.703 | P36: 79.45 | Q36: =M36/H36 -> 0.452 | S36: =IFERROR(L36/K36,0) -> 0.65224313 | T36: =IFERROR(M36/L36,0) -> 0.005014422
B37: 周梓君 | C37: 12072287 | D37: com.yandex.bank | E37: RU | F37: MTG | G37: 0.5 | H37: 200 | I37: =G37*H37*7 -> 700 | J37: 截止24点 | K37: 217 | L37: 52 | M37: 4 | N37: 0.045 | O37: 0.583 | P37: 2.332 | Q37: =M37/H37 -> 0.02 | S37: =IFERROR(L37/K37,0) -> 0.23963134 | T37: =IFERROR(M37/L37,0) -> 0.076923077
A39: 每日汇总 | B39: 周六 | K39: =SUM(K40:K43) -> 114447 | L39: =SUM(L40:L43) -> 72359 | P39: =SUM(P40:P43) -> 436.288
A40: 46305 | B40: 万科 | C40: 8998645 | D40: com.king.candycrushsaga | E40: TH | F40: MTG | G40: 0.28 | H40: 200 | I40: =G40*H40*7 -> 392 | J40: 截止24点 | K40: 32885 | L40: 19856 | M40: 160 | N40: 0.005 | O40: 0.6 | P40: 95.923 | Q40: =M40/H40 -> 0.8 | S40: =IFERROR(L40/K40,0) -> 0.60380113 | T40: =IFERROR(M40/L40,0) -> 0.0080580177
C41: 5497580 | D41: com.king.candycrushsaga | E41: TH | F41: MTG | G41: 0.28 | H41: 1300 | I41: =G41*H41*7 -> 2548 | J41: 截止24点 | K41: 59439 | L41: 37856 | M41: 1113 | N41: 0.007 | O41: 0.255 | P41: 283.385 | Q41: =M41/H41 -> 0.85615385 | S41: =IFERROR(L41/K41,0) -> 0.63688824 | T41: =IFERROR(M41/L41,0) -> 0.029400888
C42: 91407542 | D42: com.king.candycrushsaga | E42: ID | F42: MTG | G42: 0.02 | H42: 600 | I42: =G42*H42*7 -> 84 | J42: 截止24点 | K42: 149 | L42: 84 | M42: 0 | N42: 0 | O42: 0 | P42: 0 | Q42: =M42/H42 -> 0 | S42: =IFERROR(L42/K42,0) -> 0.56375839 | T42: =IFERROR(M42/L42,0) -> 0
B43: 黄政 | C43: 6951594 | D43: com.king.candycrushsodasaga | E43: DE | F43: MTG | G43: 0.6 | H43: 250 | I43: =G43*H43*7 -> 1050 | J43: 截止24点 | K43: 21974 | L43: 14563 | M43: 81 | N43: 0.004 | O43: 0.703 | P43: 56.98 | Q43: =M43/H43 -> 0.324 | S43: =IFERROR(L43/K43,0) -> 0.66273778 | T43: =IFERROR(M43/L43,0) -> 0.0055620408
B44: 周梓君 | C44: 12072287 | D44: com.yandex.bank | E44: RU | F44: MTG | G44: 0.5 | H44: 200 | I44: =G44*H44*7 -> 700 | J44: 截止24点 | K44: 75 | L44: 23 | M44: 0 | N44: 0 | O44: 0 | P44: 0 | Q44: =M44/H44 -> 0 | S44: =IFERROR(L44/K44,0) -> 0.30666667 | T44: =IFERROR(M44/L44,0) -> 0
A46: 每日汇总 | B46: 周五 | K46: =SUM(K47:K50) -> 115511 | L46: =SUM(L47:L50) -> 70751 | P46: =SUM(P47:P50) -> 360.999
A47: 46304 | B47: 万科 | C47: 8998645 | D47: com.king.candycrushsaga | E47: TH | F47: MTG | G47: 0.28 | H47: 200 | I47: =G47*H47*7 -> 392 | J47: 截止24点 | K47: 36621 | L47: 21266 | M47: 140 | N47: 0.003 | O47: 0.521 | P47: 73 | Q47: =M47/H47 -> 0.7 | S47: =IFERROR(L47/K47,0) -> 0.58070506 | T47: =IFERROR(M47/L47,0) -> 0.0065832785
C48: 5497580 | D48: com.king.candycrushsaga | E48: TH | F48: MTG | G48: 0.28 | H48: 1300 | I48: =G48*H48*7 -> 2548 | J48: 截止24点 | K48: 59854 | L48: 37257 | M48: 932 | N48: 0.006 | O48: 0.255 | P48: 237.979 | Q48: =M48/H48 -> 0.71692308 | S48: =IFERROR(L48/K48,0) -> 0.62246466 | T48: =IFERROR(M48/L48,0) -> 0.025015433
C49: 91407542 | D49: com.king.candycrushsaga | E49: ID | F49: MTG | G49: 0.02 | H49: 600 | I49: =G49*H49*7 -> 84 | J49: 截止24点 | K49: 634 | L49: 421 | M49: 2 | N49: 0 | O49: 0.02 | P49: 0.04 | Q49: =M49/H49 -> 0.0033333333 | S49: =IFERROR(L49/K49,0) -> 0.66403785 | T49: =IFERROR(M49/L49,0) -> 0.0047505938
B50: 黄政 | C50: 6951594 | D50: com.king.candycrushsodasaga | E50: DE | F50: MTG | G50: 0.6 | H50: 250 | I50: =G50*H50*7 -> 1050 | J50: 截止24点 | K50: 18402 | L50: 11807 | M50: 71 | N50: 0.004 | O50: 0.704 | P50: 49.98 | Q50: =M50/H50 -> 0.284 | S50: =IFERROR(L50/K50,0) -> 0.64161504 | T50: =IFERROR(M50/L50,0) -> 0.0060133819
B51: 周梓君 | C51: 12072287 | D51: com.yandex.bank | E51: RU | F51: MTG | G51: 0.5 | H51: 200 | I51: =G51*H51*7 -> 700 | J51: 截止24点 | K51: 105 | L51: 39 | M51: 7 | N51: 0.155 | O51: 0.863 | P51: 6.042 | Q51: =M51/H51 -> 0.035 | S51: =IFERROR(L51/K51,0) -> 0.37142857 | T51: =IFERROR(M51/L51,0) -> 0.17948718
A53: 每日汇总 | B53: 周四 | K53: =SUM(K54:K57) -> 120623 | L53: =SUM(L54:L57) -> 74022 | P53: =SUM(P54:P57) -> 350.13
A54: 46303 | B54: 万科 | C54: 8998645 | D54: com.king.candycrushsaga | E54: TH | F54: MTG | G54: 0.28 | H54: 200 | I54: =G54*H54*7 -> 392 | J54: 截止24点 | K54: 30401 | L54: 17163 | M54: 149 | N54: 0.005 | O54: 0.551 | P54: 82.154 | Q54: =M54/H54 -> 0.745 | S54: =IFERROR(L54/K54,0) -> 0.5645538 | T54: =IFERROR(M54/L54,0) -> 0.0086814659
C55: 5497580 | D55: com.king.candycrushsaga | E55: TH | F55: MTG | G55: 0.28 | H55: 1300 | I55: =G55*H55*7 -> 2548 | J55: 截止24点 | K55: 70034 | L55: 43657 | M55: 903 | N55: 0.005 | O55: 0.255 | P55: 230.326 | Q55: =M55/H55 -> 0.69461538 | S55: =IFERROR(L55/K55,0) -> 0.62336865 | T55: =IFERROR(M55/L55,0) -> 0.020683968
C56: 91407542 | D56: com.king.candycrushsaga | E56: ID | F56: MTG | G56: 0.02 | H56: 600 | I56: =G56*H56*7 -> 84 | J56: 截止24点 | K56: 2005 | L56: 1321 | M56: 9 | N56: 0 | O56: 0.022 | P56: 0.2 | Q56: =M56/H56 -> 0.015 | S56: =IFERROR(L56/K56,0) -> 0.65885287 | T56: =IFERROR(M56/L56,0) -> 0.0068130204
B57: 黄政 | C57: 6951594 | D57: com.king.candycrushsodasaga | E57: DE | F57: MTG | G57: 0.6 | H57: 250 | I57: =G57*H57*7 -> 1050 | J57: 截止24点 | K57: 18183 | L57: 11881 | M57: 53 | N57: 0.003 | O57: 0.707 | P57: 37.45 | Q57: =M57/H57 -> 0.212 | S57: =IFERROR(L57/K57,0) -> 0.65341253 | T57: =IFERROR(M57/L57,0) -> 0.004460904
B58: 周梓君 | C58: 12072287 | D58: com.yandex.bank | E58: RU | F58: MTG | G58: 0.5 | H58: 200 | I58: =G58*H58*7 -> 700 | J58: 截止24点 | K58: 72 | L58: 12 | M58: 3 | N58: 0.008 | O58: 0.032 | P58: 0.095 | Q58: =M58/H58 -> 0.015 | S58: =IFERROR(L58/K58,0) -> 0.16666667 | T58: =IFERROR(M58/L58,0) -> 0.25
A60: 每日汇总 | B60: 周三 | K60: =SUM(K61:K64) -> 209517 | L60: =SUM(L61:L64) -> 125377 | P60: =SUM(P61:P64) -> 460.344
A61: 46302 | B61: 万科 | C61: 8998645 | D61: com.king.candycrushsaga | E61: TH | F61: MTG | G61: 0.28 | H61: 200 | I61: =G61*H61*7 -> 392 | J61: 截止24点 | K61: 43787 | L61: 22765 | M61: 155 | N61: 0.003 | O61: 0.376 | P61: 58.27 | Q61: =M61/H61 -> 0.775 | S61: =IFERROR(L61/K61,0) -> 0.51990317 | T61: =IFERROR(M61/L61,0) -> 0.0068086976
C62: 5497580 | D62: com.king.candycrushsaga | E62: TH | F62: MTG | G62: 0.28 | H62: 1300 | I62: =G62*H62*7 -> 2548 | J62: 截止24点 | K62: 134623 | L62: 81258 | M62: 1346 | N62: 0.004 | O62: 0.255 | P62: 343.644 | Q62: =M62/H62 -> 1.0353846 | S62: =IFERROR(L62/K62,0) -> 0.60359671 | T62: =IFERROR(M62/L62,0) -> 0.016564523
C63: 91407542 | D63: com.king.candycrushsaga | E63: ID | F63: MTG | G63: 0.02 | H63: 600 | I63: =G63*H63*7 -> 84 | J63: 截止24点 | K63: 2470 | L63: 1598 | M63: 13 | N63: 0 | O63: 0.02 | P63: 0.26 | Q63: =M63/H63 -> 0.021666667 | S63: =IFERROR(L63/K63,0) -> 0.64696356 | T63: =IFERROR(M63/L63,0) -> 0.008135169
B64: 黄政 | C64: 6951594 | D64: com.king.candycrushsodasaga | E64: DE | F64: MTG | G64: 0.6 | H64: 250 | I64: =G64*H64*7 -> 1050 | J64: 截止24点 | K64: 28637 | L64: 19756 | M64: 83 | N64: 0.003 | O64: 0.701 | P64: 58.17 | Q64: =M64/H64 -> 0.332 | S64: =IFERROR(L64/K64,0) -> 0.68987673 | T64: =IFERROR(M64/L64,0) -> 0.0042012553
B65: 周梓君 | C65: 12072287 | D65: com.yandex.bank | E65: RU | F65: MTG | G65: 0.5 | H65: 200 | I65: =G65*H65*7 -> 700 | J65: 截止24点 | K65: 109 | L65: 38 | M65: 1 | N65: 0.001 | O65: 0.029 | P65: 0.029 | Q65: =M65/H65 -> 0.005 | S65: =IFERROR(L65/K65,0) -> 0.34862385 | T65: =IFERROR(M65/L65,0) -> 0.026315789
A67: 每日汇总 | B67: 周二 | K67: =SUM(K68:K71) -> 151971 | L67: =SUM(L68:L71) -> 84465 | P67: =SUM(P68:P71) -> 397.113
A68: 46301 | B68: 万科 | C68: 8998645 | D68: com.king.candycrushsaga | E68: TH | F68: MTG | G68: 0.28 | H68: 200 | I68: =G68*H68*7 -> 392 | J68: 截止24点 | K68: 36279 | L68: 18029 | M68: 161 | N68: 0.003 | O68: 0.351 | P68: 56.588 | Q68: =M68/H68 -> 0.805 | S68: =IFERROR(L68/K68,0) -> 0.49695416 | T68: =IFERROR(M68/L68,0) -> 0.0089300571
C69: 5497580 | D69: com.king.candycrushsaga | E69: TH | F69: MTG | G69: 0.28 | H69: 1300 | I69: =G69*H69*7 -> 2548 | J69: 截止24点 | K69: 87447 | L69: 47553 | M69: 1099 | N69: 0.006 | O69: 0.253 | P69: 278.585 | Q69: =M69/H69 -> 0.84538462 | S69: =IFERROR(L69/K69,0) -> 0.54379224 | T69: =IFERROR(M69/L69,0) -> 0.023111055
C70: 91407542 | D70: com.king.candycrushsaga | E70: ID | F70: MTG | G70: 0.02 | H70: 600 | I70: =G70*H70*7 -> 84 | J70: 截止24点 | K70: 4527 | L70: 2551 | M70: 17 | N70: 0 | O70: 0.02 | P70: 0.34 | Q70: =M70/H70 -> 0.028333333 | S70: =IFERROR(L70/K70,0) -> 0.56350784 | T70: =IFERROR(M70/L70,0) -> 0.0066640533
B71: 黄政 | C71: 6951594 | D71: com.king.candycrushsodasaga | E71: DE | F71: MTG | G71: 0.6 | H71: 250 | I71: =G71*H71*7 -> 1050 | J71: 截止24点 | K71: 23718 | L71: 16332 | M71: 88 | N71: 0.004 | O71: 0.7 | P71: 61.6 | Q71: =M71/H71 -> 0.352 | S71: =IFERROR(L71/K71,0) -> 0.68859094 | T71: =IFERROR(M71/L71,0) -> 0.005388195
B72: 周梓君 | C72: 12072287 | D72: com.yandex.bank | E72: RU | F72: MTG | G72: 0.5 | H72: 200 | I72: =G72*H72*7 -> 700 | J72: 截止24点 | K72: 109 | L72: 44 | M72: 1 | N72: 0.002 | O72: 0.079 | P72: 0.079 | Q72: =M72/H72 -> 0.005 | S72: =IFERROR(L72/K72,0) -> 0.40366972 | T72: =IFERROR(M72/L72,0) -> 0.022727273
A74: 每日汇总 | B74: 周一 | K74: =SUM(K75:K78) -> 114011 | L74: =SUM(L75:L78) -> 69079 | P74: =SUM(P75:P78) -> 313.384
A75: 46300 | B75: 万科 | C75: 8998645 | D75: com.king.candycrushsaga | E75: TH | F75: MTG | G75: 0.28 | H75: 200 | I75: =G75*H75*7 -> 392 | J75: 截止24点 | K75: 9435 | L75: 5011 | M75: 93 | N75: 0.005 | O75: 0.273 | P75: 25.433 | Q75: =M75/H75 -> 0.465 | S75: =IFERROR(L75/K75,0) -> 0.53110758 | T75: =IFERROR(M75/L75,0) -> 0.01855917
C76: 5497580 | D76: com.king.candycrushsaga | E76: TH | F76: MTG | G76: 0.28 | H76: 1300 | I76: =G76*H76*7 -> 2548 | J76: 截止24点 | K76: 76171 | L76: 45078 | M76: 909 | N76: 0.005 | O76: 0.252 | P76: 228.951 | Q76: =M76/H76 -> 0.69923077 | S76: =IFERROR(L76/K76,0) -> 0.59180003 | T76: =IFERROR(M76/L76,0) -> 0.020165047
C77: 91407542 | D77: com.king.candycrushsaga | E77: ID | F77: MTG | G77: 0.02 | H77: 600 | I77: =G77*H77*7 -> 84 | J77: 截止24点 | K77: 4145 | L77: 2858 | M77: 23 | N77: 0 | O77: 0.021 | P77: 0.48 | Q77: =M77/H77 -> 0.038333333 | S77: =IFERROR(L77/K77,0) -> 0.68950543 | T77: =IFERROR(M77/L77,0) -> 0.0080475857
B78: 黄政 | C78: 6951594 | D78: com.king.candycrushsodasaga | E78: DE | F78: MTG | G78: 0.6 | H78: 250 | I78: =G78*H78*7 -> 1050 | J78: 截止24点 | K78: 24260 | L78: 16132 | M78: 83 | N78: 0.004 | O78: 0.705 | P78: 58.52 | Q78: =M78/H78 -> 0.332 | S78: =IFERROR(L78/K78,0) -> 0.6649629 | T78: =IFERROR(M78/L78,0) -> 0.0051450533
B79: 周梓君 | C79: 12072287 | D79: com.yandex.bank | E79: RU | F79: MTG | G79: 0.5 | H79: 200 | I79: =G79*H79*7 -> 700 | J79: 截止24点 | K79: 47 | L79: 22 | M79: 1 | N79: 0.006 | O79: 0.141 | P79: 0.141 | Q79: =M79/H79 -> 0.005 | S79: =IFERROR(L79/K79,0) -> 0.46808511 | T79: =IFERROR(M79/L79,0) -> 0.045454545
A81: 每日汇总 | B81: 周日 | K81: =SUM(K82:K85) -> 173587 | L81: =SUM(L82:L85) -> 108020 | P81: =SUM(P82:P85) -> 326.707
A82: 46299 | B82: 万科 | C82: 8998645 | D82: com.king.candycrushsaga | E82: TH | F82: MTG | G82: 0.28 | H82: 200 | I82: =G82*H82*7 -> 392 | J82: 截止24点 | K82: 3437 | L82: 1842 | M82: 31 | N82: 0.003 | O82: 0.171 | P82: 5.3 | Q82: =M82/H82 -> 0.155 | S82: =IFERROR(L82/K82,0) -> 0.5359325 | T82: =IFERROR(M82/L82,0) -> 0.016829533
C83: 5497580 | D83: com.king.candycrushsaga | E83: TH | F83: MTG | G83: 0.28 | H83: 1300 | I83: =G83*H83*7 -> 2548 | J83: 截止24点 | K83: 123443 | L83: 75396 | M83: 959 | N83: 0.003 | O83: 0.251 | P83: 240.747 | Q83: =M83/H83 -> 0.73769231 | S83: =IFERROR(L83/K83,0) -> 0.61077582 | T83: =IFERROR(M83/L83,0) -> 0.012719508
C84: 91407542 | D84: com.king.candycrushsaga | E84: ID | F84: MTG | G84: 0.02 | H84: 600 | I84: =G84*H84*7 -> 84 | J84: 截止24点 | K84: 4927 | L84: 3454 | M84: 28 | N84: 0 | O84: 0.021 | P84: 0.58 | Q84: =M84/H84 -> 0.046666667 | S84: =IFERROR(L84/K84,0) -> 0.70103511 | T84: =IFERROR(M84/L84,0) -> 0.0081065431
B85: 黄政 | C85: 6951594 | D85: com.king.candycrushsodasaga | E85: DE | F85: MTG | G85: 0.6 | H85: 250 | I85: =G85*H85*7 -> 1050 | J85: 截止24点 | K85: 41780 | L85: 27328 | M85: 114 | N85: 0.003 | O85: 0.702 | P85: 80.08 | Q85: =M85/H85 -> 0.456 | S85: =IFERROR(L85/K85,0) -> 0.65409287 | T85: =IFERROR(M85/L85,0) -> 0.0041715457
B86: 周梓君 | C86: 12072287 | D86: com.yandex.bank | E86: RU | F86: MTG | G86: 0.5 | H86: 200 | I86: =G86*H86*7 -> 700 | J86: 截止24点 | K86: 32 | L86: 6 | M86: 0 | N86: 0 | O86: 0 | P86: 0 | Q86: =M86/H86 -> 0 | S86: =IFERROR(L86/K86,0) -> 0.1875 | T86: =IFERROR(M86/L86,0) -> 0
A88: 每日汇总 | B88: 周六 | K88: =SUM(K89:K92) -> 166526 | L88: =SUM(L89:L92) -> 104317 | P88: =SUM(P89:P92) -> 309.034
A89: 46298 | B89: 万科 | C89: 8998645 | D89: com.king.candycrushsaga | E89: TH | F89: MTG | G89: 0.28 | H89: 200 | I89: =G89*H89*7 -> 392 | J89: 截止24点 | K89: 2247 | L89: 1211 | M89: 24 | N89: 0.005 | O89: 0.252 | P89: 6.054 | Q89: =M89/H89 -> 0.12 | S89: =IFERROR(L89/K89,0) -> 0.53894081 | T89: =IFERROR(M89/L89,0) -> 0.019818332
C90: 5497580 | D90: com.king.candycrushsaga | E90: TH | F90: MTG | G90: 0.28 | H90: 1300 | I90: =G90*H90*7 -> 2548 | J90: 截止24点 | K90: 117392 | L90: 72473 | M90: 911 | N90: 0.003 | O90: 0.25 | P90: 227.41 | Q90: =M90/H90 -> 0.70076923 | S90: =IFERROR(L90/K90,0) -> 0.61735893 | T90: =IFERROR(M90/L90,0) -> 0.012570199
C91: 91407542 | D91: com.king.candycrushsaga | E91: ID | F91: MTG | G91: 0.02 | H91: 600 | I91: =G91*H91*7 -> 84 | J91: 截止24点 | K91: 2412 | L91: 1667 | M91: 9 | N91: 0 | O91: 0.02 | P91: 0.18 | Q91: =M91/H91 -> 0.015 | S91: =IFERROR(L91/K91,0) -> 0.69112769 | T91: =IFERROR(M91/L91,0) -> 0.0053989202
B92: 黄政 | C92: 6951594 | D92: com.king.candycrushsodasaga | E92: DE | F92: MTG | G92: 0.6 | H92: 250 | I92: =G92*H92*7 -> 1050 | J92: 截止24点 | K92: 44475 | L92: 28966 | M92: 107 | N92: 0.003 | O92: 0.705 | P92: 75.39 | Q92: =M92/H92 -> 0.428 | S92: =IFERROR(L92/K92,0) -> 0.65128724 | T92: =IFERROR(M92/L92,0) -> 0.0036939861
B93: 周梓君 | C93: 12072287 | D93: com.yandex.bank | E93: RU | F93: MTG | G93: 0.5 | H93: 200 | I93: =G93*H93*7 -> 700 | J93: 截止24点 | K93: 72 | L93: 18 | M93: 0 | N93: 0 | O93: 0 | P93: 0 | Q93: =M93/H93 -> 0 | S93: =IFERROR(L93/K93,0) -> 0.25 | T93: =IFERROR(M93/L93,0) -> 0
A95: 每日汇总 | B95: 周五 | K95: =SUM(K96:K99) -> 79838 | L95: =SUM(L96:L99) -> 49982 | P95: =SUM(P96:P99) -> 228.441
A96: 46297 | B96: 万科 | C96: 8998645 | D96: com.king.candycrushsaga | E96: TH | F96: MTG | G96: 0.28 | H96: 200 | I96: =G96*H96*7 -> 392 | J96: 截止24点 | K96: 569 | L96: 297 | M96: 7 | N96: 0.005 | O96: 0.227 | P96: 1.587 | Q96: =M96/H96 -> 0.035 | S96: =IFERROR(L96/K96,0) -> 0.52196837 | T96: =IFERROR(M96/L96,0) -> 0.023569024
C97: 5497580 | D97: com.king.candycrushsaga | E97: TH | F97: MTG | G97: 0.28 | H97: 1300 | I97: =G97*H97*7 -> 2548 | J97: 截止24点 | K97: 39026 | L97: 23685 | M97: 608 | N97: 0.006 | O97: 0.252 | P97: 153.234 | Q97: =M97/H97 -> 0.46769231 | S97: =IFERROR(L97/K97,0) -> 0.60690309 | T97: =IFERROR(M97/L97,0) -> 0.025670255
C98: 91407542 | D98: com.king.candycrushsaga | E98: ID | F98: MTG | G98: 0.02 | H98: 600 | I98: =G98*H98*7 -> 84 | J98: 截止24点 | K98: 6005 | L98: 4227 | M98: 33 | N98: 0 | O98: 0.021 | P98: 0.68 | Q98: =M98/H98 -> 0.055 | S98: =IFERROR(L98/K98,0) -> 0.70391341 | T98: =IFERROR(M98/L98,0) -> 0.0078069553
B99: 黄政 | C99: 6951594 | D99: com.king.candycrushsodasaga | E99: DE | F99: MTG | G99: 0.6 | H99: 250 | I99: =G99*H99*7 -> 1050 | J99: 截止24点 | K99: 34238 | L99: 21773 | M99: 104 | N99: 0.003 | O99: 0.701 | P99: 72.94 | Q99: =M99/H99 -> 0.416 | S99: =IFERROR(L99/K99,0) -> 0.63593084 | T99: =IFERROR(M99/L99,0) -> 0.0047765581
B100: 周梓君 | C100: 12072287 | D100: com.yandex.bank | E100: RU | F100: MTG | G100: 0.5 | H100: 200 | I100: =G100*H100*7 -> 700 | J100: 截止24点 | K100: 73 | L100: 20 | M100: 0 | N100: 0 | O100: 0 | P100: 0 | Q100: =M100/H100 -> 0 | S100: =IFERROR(L100/K100,0) -> 0.2739726 | T100: =IFERROR(M100/L100,0) -> 0
A102: 每日汇总 | B102: 周四 | K102: =SUM(K103:K106) -> 157720 | L102: =SUM(L103:L106) -> 94737 | P102: =SUM(P103:P106) -> 291.955
A103: 46296 | B103: 万科 | C103: 8998645 | D103: com.king.candycrushsaga | E103: TH | F103: MTG | G103: 0.28 | H103: 200 | I103: =G103*H103*7 -> 392 | J103: 截止24点 | K103: 483 | L103: 230 | M103: 5 | N103: 0.007 | O103: 0.316 | P103: 1.581 | Q103: =M103/H103 -> 0.025 | S103: =IFERROR(L103/K103,0) -> 0.47619048 | T103: =IFERROR(M103/L103,0) -> 0.02173913
C104: 5497580 | D104: com.king.candycrushsaga | E104: TH | F104: MTG | G104: 0.28 | H104: 1300 | I104: =G104*H104*7 -> 2548 | J104: 截止24点 | K104: 116359 | L104: 68367 | M104: 883 | N104: 0.003 | O104: 0.252 | P104: 222.604 | Q104: =M104/H104 -> 0.67923077 | S104: =IFERROR(L104/K104,0) -> 0.58755232 | T104: =IFERROR(M104/L104,0) -> 0.012915588
C105: 91407542 | D105: com.king.candycrushsaga | E105: ID | F105: MTG | G105: 0.02 | H105: 600 | I105: =G105*H105*7 -> 84 | J105: 截止24点 | K105: 14148 | L105: 9924 | M105: 44 | N105: 0 | O105: 0.021 | P105: 0.92 | Q105: =M105/H105 -> 0.073333333 | S105: =IFERROR(L105/K105,0) -> 0.7014419 | T105: =IFERROR(M105/L105,0) -> 0.0044336961
B106: 黄政 | C106: 6951594 | D106: com.king.candycrushsodasaga | E106: DE | F106: MTG | G106: 0.6 | H106: 250 | I106: =G106*H106*7 -> 1050 | J106: 截止24点 | K106: 26730 | L106: 16216 | M106: 96 | N106: 0.004 | O106: 0.696 | P106: 66.85 | Q106: =M106/H106 -> 0.384 | S106: =IFERROR(L106/K106,0) -> 0.60665918 | T106: =IFERROR(M106/L106,0) -> 0.0059200789
B107: 周梓君 | C107: 12072287 | D107: com.yandex.bank | E107: RU | F107: MTG | G107: 0.5 | H107: 200 | I107: =G107*H107*7 -> 700 | J107: 截止24点 | K107: 116 | L107: 19 | M107: 0 | N107: 0 | O107: 0 | P107: 0 | Q107: =M107/H107 -> 0 | S107: =IFERROR(L107/K107,0) -> 0.1637931 | T107: =IFERROR(M107/L107,0) -> 0

Sheet 数据透视表
B1: 41
A3: Adpingid | B3: 包名 | C3: 平台 | D3: 地区 | E3: 求和:平台转化数量 | F3: 求和:花费
A4: 11892329 | B4: com.amazon.mShop.android.shopping | C4: MTG | D4: BR | E4: 14434 | F4: 3608.48
A5: 11690181 | B5: astrum.ent.m2alyona | C5: MTG | D5: RU | E5: 7900 | F5: 3318
A6: 5497580 | B6: com.king.candycrushsaga | C6: MTG | D6: TH | E6: 10633 | F6: 2692.482
A7: 7815836 | B7: com.kwai.bulldog | C7: MTG | D7: ID | E7: 22384 | F7: 2494.55
A8: 11511535 | B8: com.yandex.bank | C8: Mediago | D8: RU | E8: 4430 | F8: 1662.3
A9: 5464039 | B9: com.king.candycrushsaga | C9: MTG | D9: MY | E9: 5515 | F9: 1637.93
A10: 5963354 | B10: ru.ozon.app.android | C10: MTG | D10: KZ | E10: 2542 | F10: 1445.453
A11: 8291713 | B11: ru.kinopoisk | C11: MTG | D11: RU | E11: 8712 | F11: 1219.655
A12: 8628042 | B12: asrtum.ent.domovyata | C12: Mediago | D12: RU | E12: 2547 | F12: 1051.21
A13: 6951594 | B13: com.king.candycrushsodasaga | C13: MTG | D13: DE | E13: 1455 | F13: 1029.77
A14: 2732727 | B14: com.amazon.mShop.android.shopping | C14: MTG | D14: SA | E14: 3864 | F14: 963.375
A15: 8156506 | B15: com.yandex.lavka | C15: MTG | D15: RU | E15: 7000 | F15: 954.838
... A164: 91573327 | B164: ru.yandex.yandexnavi | C164: MTG | D164: RU | E164: 0 | F164: 0

Sheet Week41
E1: Week
A2: Adpingid | B2: 包名 | C2: 平台 | D2: 地区 | E2: 41 | F2: 40 | G2: 消耗环比 | H2: 变动原因：差值在+-15%的都需要仔细复盘 1、具体的预算增加或者控量动作的时间点 2、如果有降预算问清楚降预算原因 3、广告自身的变化：素材增加/衰退后的表现，子渠道调整，价格调整 4、外部变化：平台流量变化/竞争原因，比如CPM？CPC？CTR？CVR？是否有变动？ | I2: 下一步计划 (根据变动原因需要做出的对应动作，以及需要什么支持？比如cap超跑需要帮助check是否有bug，需要check事件表现，需要新素材，需要提价&加预算等等)
A3: 11892329 | B3: com.amazon.mShop.android.shopping | C3: MTG | D3: BR | E3: =SUMIFS('平台消耗统计'!I:I,'平台消耗统计'!A:A,$E$2,'平台消耗统计'!C:C,A3) -> 3608.48 | F3: =IFERROR(VLOOKUP(A3,Q$4:U$174,5,FALSE),0) -> 3699.9 | G3: =IFERROR((E3-F3)/F3,0) -> -0.024708776 | H3: 基本没变化 | I3: 继续保持打满 | Q3: Adpingid | R3: 包名 | S3: 平台 | T3: 地区 | U3: 40
A4: 11690181 | B4: astrum.ent.m2alyona | C4: MTG | D4: RU | E4: =SUMIFS('平台消耗统计'!I:I,'平台消耗统计'!A:A,$E$2,'平台消耗统计'!C:C,A4) -> 3318 | F4: =IFERROR(VLOOKUP(A4,Q$4:U$174,5,FALSE),0) -> 1709.8 | G4: =IFERROR((E4-F4)/F4,0) -> 0.94057785 | H4: 10.2cap从400涨到1000，10.9再次上涨到1300 每天都能打满 | I4: 继续保持打满 | Q4: 11892329 | R4: com.amazon.mShop.android.shopping | S4: MTG | T4: BR | U4: 3699.9
A5: 5497580 | B5: com.king.candycrushsaga | C5: MTG | D5: TH | E5: =SUMIFS('平台消耗统计'!I:I,'平台消耗统计'!A:A,$E$2,'平台消耗统计'!C:C,A5) -> 2692.482 | F5: =IFERROR(VLOOKUP(A5,Q$4:U$174,5,FALSE),0) -> 2843.6 | G5: =IFERROR((E5-F5)/F5,0) -> -0.053143199 | H5: 正常差值，每天打满。 | I5: 定期优化子渠道保持量级不变。 | Q5: 7815836 | R5: com.kwai.bulldog | S5: MTG | T5: ID | U5: 3383.2
A6: 7815836 | B6: com.kwai.bulldog | C6: MTG | D6: ID | E6: =SUMIFS('平台消耗统计'!I:I,'平台消耗统计'!A:A,$E$2,'平台消耗统计'!C:C,A6) -> 2494.55 | F6: =IFERROR(VLOOKUP(A6,Q$4:U$174,5,FALSE),0) -> 3383.2 | G6: =IFERROR((E6-F6)/F6,0) -> -0.26266552 | H6: 10.2上新了素材 10.3调整压低了子渠道出价 cpi从0.122降到0.111，10.8又新建了没剃子渠道的广告但没什么效果 目前每天只能有三千多个转化 | I6: 持续上新素材 剔除子渠道 提价 | Q6: 5464039 | R6: com.king.candycrushsaga | S6: MTG | T6: MY | U6: 2187.9
A7: 11511535 | B7: com.yandex.bank | C7: Mediago | D7: RU | E7: =SUMIFS('平台消耗统计'!I:I,'平台消耗统计'!A:A,$E$2,'平台消耗统计'!C:C,A7) -> 1662.3 | F7: =IFERROR(VLOOKUP(A7,Q$4:U$174,5,FALSE),0) -> 1674.9 | G7: =IFERROR((E7-F7)/F7,0) -> -0.0075228372 | H7: 合理范围内波动，eCPI控制在较好范围，因数据库遇袭10/12 暂停 | Q7: 5497580 | R7: com.king.candycrushsaga | S7: MTG | T7: TH | U7: 2843.6
A8: 5464039 | B8: com.king.candycrushsaga | C8: MTG | D8: MY | E8: =SUMIFS('平台消耗统计'!I:I,'平台消耗统计'!A:A,$E$2,'平台消耗统计'!C:C,A8) -> 1637.93 | F8: =IFERROR(VLOOKUP(A8,Q$4:U$174,5,FALSE),0) -> 2187.9 | G8: =IFERROR((E8-F8)/F8,0) -> -0.25136889 | H8: 单元掉量出量渠道衰退 | I8: 试过加价和上新素材新单元，多换素材试试 | Q8: 11511535 | R8: com.yandex.bank | S8: Mediago | T8: RU | U8: 1674.9
A9: 5963354 | B9: ru.ozon.app.android | C9: MTG | D9: KZ | E9: =SUMIFS('平台消耗统计'!I:I,'平台消耗统计'!A:A,$E$2,'平台消耗统计'!C:C,A9) -> 1445.453 | F9: =IFERROR(VLOOKUP(A9,Q$4:U$174,5,FALSE),0) -> 1378.9 | G9: =IFERROR((E9-F9)/F9,0) -> 0.048265284 | H9: 竞争减小，Week41转化量增多，10/12 cap 500→200，需控量 | I9: cap下调控量 | Q9: 8291713 | R9: ru.kinopoisk | S9: MTG | T9: RU | U9: 1424.8
A10: 8291713 | B10: ru.kinopoisk | C10: MTG | D10: RU | E10: =SUMIFS('平台消耗统计'!I:I,'平台消耗统计'!A:A,$E$2,'平台消耗统计'!C:C,A10) -> 1219.655 | F10: =IFERROR(VLOOKUP(A10,Q$4:U$174,5,FALSE),0) -> 1424.8 | G10: =IFERROR((E10-F10)/F10,0) -> -0.14398161 | H10: 受数据库袭击影响10/12 暂停 | Q10: 5963354 | R10: ru.ozon.app.android | S10: MTG | T10: KZ | U10: 1378.9
A11: 8628042 | B11: asrtum.ent.domovyata | C11: Mediago | D11: RU | E11: =SUMIFS('平台消耗统计'!I:I,'平台消耗统计'!A:A,$E$2,'平台消耗统计'!C:C,A11) -> 1051.21 | F11: =IFERROR(VLOOKUP(A11,Q$4:U$174,5,FALSE),0) -> 1012 | G11: =IFERROR((E11-F11)/F11,0) -> 0.038745059 | H11: 比较稳定 有一天掉了100个转化 后续提价补回来了 其余时间都能打满 | I11: 继续保持 上新素材 | Q11: 11690181 | R11: astrum.ent.m2alyona | S11: MTG | T11: RU | U11: 1709.8
A12: 6951594 | B12: com.king.candycrushsodasaga | C12: MTG | D12: DE | E12: =SUMIFS('平台消耗统计'!I:I,'平台消耗统计'!A:A,$E$2,'平台消耗统计'!C:C,A12) -> 1029.77 | F12: =IFERROR(VLOOKUP(A12,Q$4:U$174,5,FALSE),0) -> 1348.6 | G12: =IFERROR((E12-F12)/F12,0) -> -0.23641554 | H12: 试玩素材有一个被拒受到了影响 | I12: 继续保持 上新素材 | Q12: 8628042 | R12: asrtum.ent.domovyata | S12: Mediago | T12: RU | U12: 1012
A13: 2732727 | B13: com.amazon.mShop.android.shopping | C13: MTG | D13: SA | E13: =SUMIFS('平台消耗统计'!I:I,'平台消耗统计'!A:A,$E$2,'平台消耗统计'!C:C,A13) -> 963.375 | F13: =IFERROR(VLOOKUP(A13,Q$4:U$174,5,FALSE),0) -> 980.6 | G13: =IFERROR((E13-F13)/F13,0) -> -0.017565776 | H13: 最近基本600cap能打满 | I13: 继续保持 上新素材 | Q13: 8460883 | R13: com.king.candycrushsodasaga | S13: MTG | T13: BR | U13: 1012.9
A14: 8156506 | B14: com.yandex.lavka | C14: MTG | D14: RU | E14: =SUMIFS('平台消耗统计'!I:I,'平台消耗统计'!A:A,$E$2,'平台消耗统计'!C:C,A14) -> 954.838 | F14: =IFERROR(VLOOKUP(A14,Q$4:U$174,5,FALSE),0) -> 928.9 | G14: =IFERROR((E14-F14)/F14,0) -> 0.02792335 | H14: 受数据库袭击影响10/12 暂停 | Q14: 6951594 | R14: com.king.candycrushsodasaga | S14: MTG | T14: DE | U14: 1348.6
A15: 8998645 | B15: com.king.candycrushsaga | C15: MTG | D15: TH | E15: =SUMIFS('平台消耗统计'!I:I,'平台消耗统计'!A:A,$E$2,'平台消耗统计'!C:C,A15) -> 895.944 | F15: =IFERROR(VLOOKUP(A15,Q$4:U$174,5,FALSE),0) -> 232.9 | G15: =IFERROR((E15-F15)/F15,0) -> 2.8469043 | H15: 新建了一个cpe起量了，先稳定度过学习期。 | I15: 稳住量 | Q15: 6607117 | R15: ru.aliexpress.buyer | S15: MTG | T15: RU | U15: 764.9
A16: 8094753 | B16: ru.aliexpress.buyer | C16: Mediago | D16: RU | E16: =SUMIFS('平台消耗统计'!I:I,'平台消耗统计'!A:A,$E$2,'平台消耗统计'!C:C,A16) -> 737.32 | F16: =IFERROR(VLOOKUP(A16,Q$4:U$174,5,FALSE),0) -> 593 | G16: =IFERROR((E16-F16)/F16,0) -> 0.24337268 | H16: 现在每天稳定打满，偶尔有点波动 | I16: 保持量级不掉，争取每天稳定打满 | Q16: 2732727 | R16: com.amazon.mShop.android.shopping | S16: MTG | T16: SA | U16: 980.6
A17: 6607117 | B17: ru.aliexpress.buyer | C17: MTG | D17: RU | E17: =SUMIFS('平台消耗统计'!I:I,'平台消耗统计'!A:A,$E$2,'平台消耗统计'!C:C,A17) -> 716.129 | F17: =IFERROR(VLOOKUP(A17,Q$4:U$174,5,FALSE),0) -> 764.9 | G17: =IFERROR((E17-F17)/F17,0) -> -0.063761276 | H17: CPE订单，偶尔有小波动整体的变化不是那么大 | I17: 定期优化素材，拿更多的量 | Q17: 8156506 | R17: com.yandex.lavka | S17: MTG | T17: RU | U17: 928.9
A18: 8460883 | B18: com.king.candycrushsodasaga | C18: MTG | D18: BR | E18: =SUMIFS('平台消耗统计'!I:I,'平台消耗统计'!A:A,$E$2,'平台消耗统计'!C:C,A18) -> 699.664 | F18: =IFERROR(VLOOKUP(A18,Q$4:U$174,5,FALSE),0) -> 1012.9 | G18: =IFERROR((E18-F18)/F18,0) -> -0.30924672 | H18: cap降到900，但始终在700左右徘徊 | I18: 试过加价和上新素材新单元，多换素材试试 | Q18: 8094753 | R18: ru.aliexpress.buyer | S18: Mediago | T18: RU | U18: 593
A19: 12072287 | B19: com.yandex.bank | C19: MTG | D19: RU | E19: =SUMIFS('平台消耗统计'!I:I,'平台消耗统计'!A:A,$E$2,'平台消耗统计'!C:C,A19) -> 607.193 | F19: =IFERROR(VLOOKUP(A19,Q$4:U$174,5,FALSE),0) -> 445.5 | G19: =IFERROR((E19-F19)/F19,0) -> 0.36294725 | H19: CPE订单，Week41持续逐步提价开始有效果，曝光点击转化均提升，10/13 暂停 | Q19: 1745925 | R19: tech.jm | S19: MTG | T19: RU | U19: 417.8
A20: 8566541 | B20: ru.yandex.music | C20: Mediago | D20: RU | E20: =SUMIFS('平台消耗统计'!I:I,'平台消耗统计'!A:A,$E$2,'平台消耗统计'!C:C,A20) -> 465.32 | F20: =IFERROR(VLOOKUP(A20,Q$4:U$174,5,FALSE),0) -> 451.8 | G20: =IFERROR((E20-F20)/F20,0) -> 0.029924745 | H20: 受数据库袭击影响10/12 暂停 | Q20: 8566541 | R20: ru.yandex.music | S20: Mediago | T20: RU | U20: 451.8
A21: 6395488 | B21: com.edadeal.android | C21: MTG | D21: RU | E21: =SUMIFS('平台消耗统计'!I:I,'平台消耗统计'!A:A,$E$2,'平台消耗统计'!C:C,A21) -> 420 | F21: =IFERROR(VLOOKUP(A21,Q$4:U$174,5,FALSE),0) -> 420 | G21: =IFERROR((E21-F21)/F21,0) -> 0 | H21: 稳定订单 | I21: 继续保持每日打满cap | Q21: 6395488 | R21: com.edadeal.android | S21: MTG | T21: RU | U21: 420
A22: 1745925 | B22: tech.jm | C22: MTG | D22: RU | E22: =SUMIFS('平台消耗统计'!I:I,'平台消耗统计'!A:A,$E$2,'平台消耗统计'!C:C,A22) -> 412.35 | F22: =IFERROR(VLOOKUP(A22,Q$4:U$174,5,FALSE),0) -> 417.8 | G22: =IFERROR((E22-F22)/F22,0) -> -0.013044519 | H22: 基本每日打满，但1012加cap，cap一加就开始掉量 | Q22: 10912510 | R22: com.amazon.mShop.android.shopping | S22: Kwai | T22: BR | U22: 192.2
A23: 6425889 | B23: com.amazon.mShop.android.shopping | C23: MTG | D23: ZA | E23: =SUMIFS('平台消耗统计'!I:I,'平台消耗统计'!A:A,$E$2,'平台消耗统计'!C:C,A23) -> 391.3 | F23: =IFERROR(VLOOKUP(A23,Q$4:U$174,5,FALSE),0) -> 381.2 | G23: =IFERROR((E23-F23)/F23,0) -> 0.026495278 | H23: 基本没变化，转化在200左右 | I23: 继续保持每日打满cap | Q23: 12336897 | R23: com.kwai.video | S23: MTG | T23: BR | U23: 126
A24: 10912510 | B24: com.amazon.mShop.android.shopping | C24: Kwai | D24: BR | E24: =SUMIFS('平台消耗统计'!I:I,'平台消耗统计'!A:A,$E$2,'平台消耗统计'!C:C,A24) -> 381.36 | F24: =IFERROR(VLOOKUP(A24,Q$4:U$174,5,FALSE),0) -> 192.2 | G24: =IFERROR((E24-F24)/F24,0) -> 0.98418314 | H24: 转化有提升，但是成本也在涨 | I24: 试过加价和上新素材新单元，多换素材试试 | Q24: 7572369 | R24: com.amazon.mShop.android.shopping | S24: MTG | T24: AE | U24: 325.2
A25: 6529449 | B25: com.yandex.bank | C25: Bigo | D25: RU | E25: =SUMIFS('平台消耗统计'!I:I,'平台消耗统计'!A:A,$E$2,'平台消耗统计'!C:C,A25) -> 365.354 | F25: =IFERROR(VLOOKUP(A25,Q$4:U$174,5,FALSE),0) -> 355.8 | G25: =IFERROR((E25-F25)/F25,0) -> 0.026852164 | H25: 受数据库袭击影响10/13 暂停 | Q25: 6425889 | R25: com.amazon.mShop.android.shopping | S25: MTG | T25: ZA | U25: 381.2
A26: 5365721 | B26: sports.caliente.mx.calientedeportes | C26: MTG | D26: MX | E26: =SUMIFS('平台消耗统计'!I:I,'平台消耗统计'!A:A,$E$2,'平台消耗统计'!C:C,A26) -> 338.5 | F26: =IFERROR(VLOOKUP(A26,Q$4:U$174,5,FALSE),0) -> 267.5 | G26: =IFERROR((E26-F26)/F26,0) -> 0.26542056 | H26: 每日打满 | I26: 继续保持每日打满cap | Q26: 10599681 | R26: ru.kinopoisk | S26: MTG | T26: RU | U26: 342.7
A27: 7872826 | B27: asrtum.ent.domovyata | C27: MTG | D27: RU | E27: =SUMIFS('平台消耗统计'!I:I,'平台消耗统计'!A:A,$E$2,'平台消耗统计'!C:C,A27) -> 337.824 | F27: =IFERROR(VLOOKUP(A27,Q$4:U$174,5,FALSE),0) -> 336.5 | G27: =IFERROR((E27-F27)/F27,0) -> 0.0039346211 | H27: 每日打满 | I27: 继续保持每日打满cap | Q27: 91399821 | R27: ru.kinopoisk | S27: Mediago | T27: RU | U27: 288.1
A28: 10514860 | B28: com.esprit.rpg.lttlefirykng | C28: MTG | D28: RU | E28: =SUMIFS('平台消耗统计'!I:I,'平台消耗统计'!A:A,$E$2,'平台消耗统计'!C:C,A28) -> 329.45 | F28: =IFERROR(VLOOKUP(A28,Q$4:U$174,5,FALSE),0) -> 344.3 | G28: =IFERROR((E28-F28)/F28,0) -> -0.04313099 | H28: 每天量波动较大，比较有限，新建单元掉量后关停，旧单元量上涨 | I28: 继续观察调整 | Q28: 6529449 | R28: com.yandex.bank | S28: Bigo | T28: RU | U28: 355.8
A29: 2783561 | B29: com.uma.musicvk | C29: MTG | D29: RU | E29: =SUMIFS('平台消耗统计'!I:I,'平台消耗统计'!A:A,$E$2,'平台消耗统计'!C:C,A29) -> 310.41 | F29: =IFERROR(VLOOKUP(A29,Q$4:U$174,5,FALSE),0) -> 311.9 | G29: =IFERROR((E29-F29)/F29,0) -> -0.0047771722 | H29: 稳定订单每天跑满，偶尔1天会掉100左右的转化 | I29: 定期优化子渠道保持量级不变。 | Q29: 2783561 | R29: com.uma.musicvk | S29: MTG | T29: RU | U29: 311.9
A30: 91399821 | B30: ru.kinopoisk | C30: Mediago | D30: RU | E30: =SUMIFS('平台消耗统计'!I:I,'平台消耗统计'!A:A,$E$2,'平台消耗统计'!C:C,A30) -> 285.83 | F30: =IFERROR(VLOOKUP(A30,Q$4:U$174,5,FALSE),0) -> 288.1 | G30: =IFERROR((E30-F30)/F30,0) -> -0.0078792086 | H30: 受数据库袭击影响10/13 暂停 | I30: / | Q30: 7872826 | R30: asrtum.ent.domovyata | S30: MTG | T30: RU | U30: 336.5
A31: 10599681 | B31: ru.kinopoisk | C31: MTG | D31: RU | E31: =SUMIFS('平台消耗统计'!I:I,'平台消耗统计'!A:A,$E$2,'平台消耗统计'!C:C,A31) -> 267.54 | F31: =IFERROR(VLOOKUP(A31,Q$4:U$174,5,FALSE),0) -> 342.7 | G31: =IFERROR((E31-F31)/F31,0) -> -0.21931719 | H31: 受数据库袭击影响10/13 暂停 | Q31: 12541739 | R31: otello.dgis.ru | S31: MTG | T31: RU | U31: 327.5
A32: 7572369 | B32: com.amazon.mShop.android.shopping | C32: MTG | D32: AE | E32: =SUMIFS('平台消耗统计'!I:I,'平台消耗统计'!A:A,$E$2,'平台消耗统计'!C:C,A32) -> 261.78 | F32: =IFERROR(VLOOKUP(A32,Q$4:U$174,5,FALSE),0) -> 325.2 | G32: =IFERROR((E32-F32)/F32,0) -> -0.19501845 | H32: 换素材后开始掉量，已经准备新的素材 | Q32: 91567363 | R32: com.oakever.meowdoku | S32: MTG | T32: RU | U32: 134.8
A33: 91548044 | B33: ru.banki.banki | C33: Bigo | D33: RU | E33: =SUMIFS('平台消耗统计'!I:I,'平台消耗统计'!A:A,$E$2,'平台消耗统计'!C:C,A33) -> 261.0785 | F33: =IFERROR(VLOOKUP(A33,Q$4:U$174,5,FALSE),0) -> 113 | G33: =IFERROR((E33-F33)/F33,0) -> 1.3104292 | H33: 基本打满 | I33: 继续保持每日打满cap | Q33: 10514860 | R33: com.esprit.rpg.lttlefirykng | S33: MTG | T33: RU | U33: 344.3
A34: 91560709 | B34: com.king.candycrushsaga | C34: MTG | D34: VN | E34: =SUMIFS('平台消耗统计'!I:I,'平台消耗统计'!A:A,$E$2,'平台消耗统计'!C:C,A34) -> 222.3 | F34: =IFERROR(VLOOKUP(A34,Q$4:U$174,5,FALSE),0) -> 202 | G34: =IFERROR((E34-F34)/F34,0) -> 0.10049505 | H34: 每日基本打满 | I34: 继续保持每日打满cap | Q34: 5365721 | R34: sports.caliente.mx.calientedeportes | S34: MTG | T34: MX | U34: 267.5
A35: 9297014 | B35: tech.jm | C35: Mediago | D35: RU | E35: =SUMIFS('平台消耗统计'!I:I,'平台消耗统计'!A:A,$E$2,'平台消耗统计'!C:C,A35) -> 221.61 | F35: =IFERROR(VLOOKUP(A35,Q$4:U$174,5,FALSE),0) -> 216.2 | G35: =IFERROR((E35-F35)/F35,0) -> 0.025023127 | H35: 稳定订单 每天打满 | I35: 继续保持 | Q35: 6439005 | R35: com.amazon.mShop.android.shopping | S35: Eagllwin | T35: ZA | U35: 152.3
A36: 11078963 | B36: com.yandex.bank | C36: MTG | D36: RU | E36: =SUMIFS('平台消耗统计'!I:I,'平台消耗统计'!A:A,$E$2,'平台消耗统计'!C:C,A36) -> 219.2 | F36: =IFERROR(VLOOKUP(A36,Q$4:U$174,5,FALSE),0) -> 224 | G36: =IFERROR((E36-F36)/F36,0) -> -0.021428571 | H36: 人群包订单，10/13 广告主叫停 | Q36: 9297014 | R36: tech.jm | S36: Mediago | T36: RU | U36: 216.2
A37: 9686529 | B37: ru.ozon.app.android | C37: MTG | D37: KG | E37: =SUMIFS('平台消耗统计'!I:I,'平台消耗统计'!A:A,$E$2,'平台消耗统计'!C:C,A37) -> 210.5 | F37: =IFERROR(VLOOKUP(A37,Q$4:U$174,5,FALSE),0) -> 143 | G37: =IFERROR((E37-F37)/F37,0) -> 0.47202797 | H37: Week41 CVR略有提升，转化量增多 | I37: 这个单子不太稳定，观察CVR的变化，正常更新素材 | Q37: 91564896 | R37: com.game.friends.ru | S37: MTG | T37: RU | U37: 230
A38: 10599157 | B38: com.edadeal.android | C38: MTG | D38: RU | E38: =SUMIFS('平台消耗统计'!I:I,'平台消耗统计'!A:A,$E$2,'平台消耗统计'!C:C,A38) -> 210.15 | F38: =IFERROR(VLOOKUP(A38,Q$4:U$174,5,FALSE),0) -> 210.7 | G38: =IFERROR((E38-F38)/F38,0) -> -0.0026103465 | H38: 稳定订单 | I38: 继续保持每日打满cap | Q38: 10599157 | R38: com.edadeal.android | S38: MTG | T38: RU | U38: 210.7
A39: 6060965 | B39: ru.aliexpress.buyer | C39: MTG | D39: RU | E39: =SUMIFS('平台消耗统计'!I:I,'平台消耗统计'!A:A,$E$2,'平台消耗统计'!C:C,A39) -> 207.6 | F39: =IFERROR(VLOOKUP(A39,Q$4:U$174,5,FALSE),0) -> 205.2 | G39: =IFERROR((E39-F39)/F39,0) -> 0.011695906 | H39: 人群包订单，每天稳定打满 | I39: 继续保持每日打满cap | Q39: 8531973 | R39: com.king.candycrushsodasaga | S39: Mediago | T39: DE | U39: 138.3
A40: 4383473 | B40: ru.aliexpress.buyer | C40: MTG | D40: RU | E40: =SUMIFS('平台消耗统计'!I:I,'平台消耗统计'!A:A,$E$2,'平台消耗统计'!C:C,A40) -> 206.694 | F40: =IFERROR(VLOOKUP(A40,Q$4:U$174,5,FALSE),0) -> 203.2 | G40: =IFERROR((E40-F40)/F40,0) -> 0.017194882 | H40: 稳定订单，每天打满 | I40: 继续保持每日打满cap | Q40: 12011132 | R40: ru.rt.video.app.mobile | S40: MTG | T40: RU | U40: 210
A41: 7202934 | B41: com.fxpro.direct.application | C41: MTG | D41: PK | E41: =SUMIFS('平台消耗统计'!I:I,'平台消耗统计'!A:A,$E$2,'平台消耗统计'!C:C,A41) -> 197.05 | F41: =IFERROR(VLOOKUP(A41,Q$4:U$174,5,FALSE),0) -> 195.7 | G41: =IFERROR((E41-F41)/F41,0) -> 0.0068983137 | H41: 每日稳定90个左右 | I41: 继续筛选渠道 | Q41: 91560709 | R41: com.king.candycrushsaga | S41: MTG | T41: VN | U41: 202
A42: 9311355 | B42: com.esprit.rpg.cntrctfft | C42: MTG | D42: RU | E42: =SUMIFS('平台消耗统计'!I:I,'平台消耗统计'!A:A,$E$2,'平台消耗统计'!C:C,A42) -> 187.25 | F42: =IFERROR(VLOOKUP(A42,Q$4:U$174,5,FALSE),0) -> 131.8 | G42: =IFERROR((E42-F42)/F42,0) -> 0.4207132 | H42: 订单稳定提升，目前主要要稳定，持续筛选渠道 | I42: 继续筛选渠道 | Q42: 11078963 | R42: com.yandex.bank | S42: MTG | T42: RU | U42: 224
A43: 91551388 | B43: com.netease.newspike | C43: Bigo | D43: US | E43: =SUMIFS('平台消耗统计'!I:I,'平台消耗统计'!A:A,$E$2,'平台消耗统计'!C:C,A43) -> 182.7592 | F43: =IFERROR(VLOOKUP(A43,Q$4:U$174,5,FALSE),0) -> 159.4 | G43: =IFERROR((E43-F43)/F43,0) -> 0.14654454 | H43: 不太稳定，上的新素材都跑不出来，旧素材出转比较波动 | I43: 继续观察 | Q43: 4383473 | R43: ru.aliexpress.buyer | S43: MTG | T43: RU | U43: 203.2
A44: 91496148 | B44: com.vitastudio.mahjong | C44: MTG | D44: RU | E44: =SUMIFS('平台消耗统计'!I:I,'平台消耗统计'!A:A,$E$2,'平台消耗统计'!C:C,A44) -> 165.6 | F44: =IFERROR(VLOOKUP(A44,Q$4:U$174,5,FALSE),0) -> 168 | G44: =IFERROR((E44-F44)/F44,0) -> -0.014285714 | H44: 稳定订单 每天打满 | I44: 继续保持 | Q44: 7202934 | R44: com.fxpro.direct.application | S44: MTG | T44: PK | U44: 195.7
A45: 91564896 | B45: com.game.friends.ru | C45: MTG | D45: RU | E45: =SUMIFS('平台消耗统计'!I:I,'平台消耗统计'!A:A,$E$2,'平台消耗统计'!C:C,A45) -> 153.3 | F45: =IFERROR(VLOOKUP(A45,Q$4:U$174,5,FALSE),0) -> 230 | G45: =IFERROR((E45-F45)/F45,0) -> -0.33347826 | H45: 之前的素材掉量了，新上了两次素材组合在一起的效果不大好 | I45: 多上素材更换尝试不同组合 | Q45: 91560708 | R45: com.king.candycrushsaga | S45: MTG | T45: FR | U45: 161.5
A46: 91567811 | B46: ru.banki.banki | C46: MTG | D46: RU | E46: =SUMIFS('平台消耗统计'!I:I,'平台消耗统计'!A:A,$E$2,'平台消耗统计'!C:C,A46) -> 152 | F46: =IFERROR(VLOOKUP(A46,Q$4:U$174,5,FALSE),0) -> 189 | G46: =IFERROR((E46-F46)/F46,0) -> -0.1957672 | H46: 不稳定订单，每天都有很多垃圾渠道 | I46: 继续筛选渠道 | Q46: 91551388 | R46: com.netease.newspike | S46: Bigo | T46: US | U46: 159.4
A47: 8819666 | B47: com.yandex.lavka | C47: Bigo | D47: RU | E47: =SUMIFS('平台消耗统计'!I:I,'平台消耗统计'!A:A,$E$2,'平台消耗统计'!C:C,A47) -> 140.2324 | F47: =IFERROR(VLOOKUP(A47,Q$4:U$174,5,FALSE),0) -> 140 | G47: =IFERROR((E47-F47)/F47,0) -> 0.00166 | H47: 受数据库袭击影响10/13 暂停 | Q47: 6060965 | R47: ru.aliexpress.buyer | S47: MTG | T47: RU | U47: 205.2
A48: 91565947 | B48: com.king.candycrushsaga | C48: MTG | D48: IN | E48: =SUMIFS('平台消耗统计'!I:I,'平台消耗统计'!A:A,$E$2,'平台消耗统计'!C:C,A48) -> 139.28 | F48: =IFERROR(VLOOKUP(A48,Q$4:U$174,5,FALSE),0) -> 135.5 | G48: =IFERROR((E48-F48)/F48,0) -> 0.027896679 | H48: 稳定订单 每天打满 | I48: 定期优化子渠道保持量级不变。 | Q48: 91467820 | R48: com.vitastudio.mahjong | S48: MTG | T48: ID | U48: 148.4
A49: 91567363 | B49: com.oakever.meowdoku | C49: MTG | D49: RU | E49: =SUMIFS('平台消耗统计'!I:I,'平台消耗统计'!A:A,$E$2,'平台消耗统计'!C:C,A49) -> 130.5 | F49: =IFERROR(VLOOKUP(A49,Q$4:U$174,5,FALSE),0) -> 134.8 | G49: =IFERROR((E49-F49)/F49,0) -> -0.03189911 | H49: 出量不稳定，每隔几天大起大落 | I49: 继续观察优化 | Q49: 91496148 | R49: com.vitastudio.mahjong | S49: MTG | T49: RU | U49: 168
A50: 12038500 | B50: astrum.ent.m2alyona | C50: MTG | D50: RU | E50: =SUMIFS('平台消耗统计'!I:I,'平台消耗统计'!A:A,$E$2,'平台消耗统计'!C:C,A50) -> 126.4 | F50: =IFERROR(VLOOKUP(A50,Q$4:U$174,5,FALSE),0) -> 105.6 | G50: =IFERROR((E50-F50)/F50,0) -> 0.1969697 | H50: 人群包订单 每天都能有三四十个转化 | I50: 再拉点人群包出来进行投放 | Q50: 9311355 | R50: com.esprit.rpg.cntrctfft | S50: MTG | T50: RU | U50: 131.8
A51: 12011132 | B51: ru.rt.video.app.mobile | C51: MTG | D51: RU | E51: =SUMIFS('平台消耗统计'!I:I,'平台消耗统计'!A:A,$E$2,'平台消耗统计'!C:C,A51) -> 120 | F51: =IFERROR(VLOOKUP(A51,Q$4:U$174,5,FALSE),0) -> 210 | G51: =IFERROR((E51-F51)/F51,0) -> -0.42857143 | H51: 预算调整 10/8 暂停 | Q51: 8819666 | R51: com.yandex.lavka | S51: Bigo | T51: RU | U51: 140
A52: 91496147 | B52: com.vitastudio.mahjong | C52: MTG | D52: BR | E52: =SUMIFS('平台消耗统计'!I:I,'平台消耗统计'!A:A,$E$2,'平台消耗统计'!C:C,A52) -> 105.17 | F52: =IFERROR(VLOOKUP(A52,Q$4:U$174,5,FALSE),0) -> 54.7 | G52: =IFERROR((E52-F52)/F52,0) -> 0.9226691 | H52: 比较稳定 应该是客户那边提高了cap 每天下午打满后就不转化了 | I52: 继续保持 | Q52: 9686529 | R52: ru.ozon.app.android | S52: MTG | T52: KG | U52: 143
A53: 91560708 | B53: com.king.candycrushsaga | C53: MTG | D53: FR | E53: =SUMIFS('平台消耗统计'!I:I,'平台消耗统计'!A:A,$E$2,'平台消耗统计'!C:C,A53) -> 105.01 | F53: =IFERROR(VLOOKUP(A53,Q$4:U$174,5,FALSE),0) -> 161.5 | G53: =IFERROR((E53-F53)/F53,0) -> -0.34978328 | H53: 最近开始掉量，已经开始做新的素材 | I53: 继续筛选渠道 | Q53: 91567806 | R53: com.oakever.meowdoku | S53: MTG | T53: MX | U53: 60
A54: 91467820 | B54: com.vitastudio.mahjong | C54: MTG | D54: ID | E54: =SUMIFS('平台消耗统计'!I:I,'平台消耗统计'!A:A,$E$2,'平台消耗统计'!C:C,A54) -> 104.6 | F54: =IFERROR(VLOOKUP(A54,Q$4:U$174,5,FALSE),0) -> 148.4 | G54: =IFERROR((E54-F54)/F54,0) -> -0.29514825 | H54: 每天都是到下午就打满不转化了 客户那边总在调整cap 应该是都打满的 | I54: 继续保持 | Q54: 12038500 | R54: astrum.ent.m2alyona | S54: MTG | T54: RU | U54: 105.6
A55: 91565945 | B55: com.vitastudio.mahjong | C55: MTG | D55: ID | E55: =SUMIFS('平台消耗统计'!I:I,'平台消耗统计'!A:A,$E$2,'平台消耗统计'!C:C,A55) -> 97.92 | F55: =IFERROR(VLOOKUP(A55,Q$4:U$174,5,FALSE),0) -> 52.1 | G55: =IFERROR((E55-F55)/F55,0) -> 0.87946257 | H55: 跟上面一个是同一个产品 这个单号的转化多了 上面单号的就转化少了 | I55: 继续保持 | Q55: 91551845 | R55: com.vitastudio.mahjong | S55: MTG | T55: BR | U55: 108.9
A56: 6439005 | B56: com.amazon.mShop.android.shopping | C56: Eagllwin | D56: ZA | E56: =SUMIFS('平台消耗统计'!I:I,'平台消耗统计'!A:A,$E$2,'平台消耗统计'!C:C,A56) -> 96.9 | F56: =IFERROR(VLOOKUP(A56,Q$4:U$174,5,FALSE),0) -> 152.3 | G56: =IFERROR((E56-F56)/F56,0) -> -0.36375575 | H56: 老素材疲软，开始准备新素材了 | I56: 定期优化素材，拿更多的量 | Q56: 10765365 | R56: ph.com.bdo.pay | S56: MTG | T56: PH | U56: 32.5
A57: 91557347 | B57: robot.zaimer.ru | C57: MTG | D57: RU | E57: =SUMIFS('平台消耗统计'!I:I,'平台消耗统计'!A:A,$E$2,'平台消耗统计'!C:C,A57) -> 96.8 | F57: =IFERROR(VLOOKUP(A57,Q$4:U$174,5,FALSE),0) -> 35.2 | G57: =IFERROR((E57-F57)/F57,0) -> 1.75 | H57: 出量不稳定。有时候稳定上升，有时候量突然掉下来稳定个位数 | I57: 继续观察优化 | Q57: 9333145 | R57: com.gloriajeans.mobile | S57: Mediago | T57: RU | U57: 58.6
A58: 8531973 | B58: com.king.candycrushsodasaga | C58: Mediago | D58: DE | E58: =SUMIFS('平台消耗统计'!I:I,'平台消耗统计'!A:A,$E$2,'平台消耗统计'!C:C,A58) -> 95.85 | F58: =IFERROR(VLOOKUP(A58,Q$4:U$174,5,FALSE),0) -> 138.3 | G58: =IFERROR((E58-F58)/F58,0) -> -0.30694143 | H58: icon版位出量不稳定 | I58: 定期优化素材，拿更多的量 | Q58: 6951600 | R58: com.king.candycrushsodasaga | S58: MTG | T58: TH | U58: 93.6
A59: 5619156 | B59: com.amazon.mShop.android.shopping | C59: Bigo | D59: SA | E59: =SUMIFS('平台消耗统计'!I:I,'平台消耗统计'!A:A,$E$2,'平台消耗统计'!C:C,A59) -> 93.3466 | F59: =IFERROR(VLOOKUP(A59,Q$4:U$174,5,FALSE),0) -> 58.3 | G59: =IFERROR((E59-F59)/F59,0) -> 0.60114237 | H59: 最近开始有所回转，持续更新素材和观察 | I59: 定期优化素材，拿更多的量 | Q59: 91565947 | R59: com.king.candycrushsaga | S59: MTG | T59: IN | U59: 135.5
A60: 10298628 | B60: ru.mobstudio.andgalaxy | C60: Mediago | D60: RU | E60: =SUMIFS('平台消耗统计'!I:I,'平台消耗统计'!A:A,$E$2,'平台消耗统计'!C:C,A60) -> 92.3 | F60: =IFERROR(VLOOKUP(A60,Q$4:U$174,5,FALSE),0) -> 84.4 | G60: =IFERROR((E60-F60)/F60,0) -> 0.093601896 | H60: 受数据库袭击影响10/13 暂停 | Q60: 91545519 | R60: com.vuclip.viu | S60: MTG | T60: MY | U60: 85
A61: 2937658 | B61: com.yandex.bank | C61: MTG | D61: RU | E61: =SUMIFS('平台消耗统计'!I:I,'平台消耗统计'!A:A,$E$2,'平台消耗统计'!C:C,A61) -> 86.162 | F61: =IFERROR(VLOOKUP(A61,Q$4:U$174,5,FALSE),0) -> 86.1 | G61: =IFERROR((E61-F61)/F61,0) -> 0.00072009292 | H61: 预算调整 10/12 0.15→0.1，10/13 广告主叫停 | Q61: 91567811 | R61: ru.banki.banki | S61: MTG | T61: RU | U61: 189
A62: 8566084 | B62: com.intellihealth.truemeds | C62: MTG | D62: IN | E62: =SUMIFS('平台消耗统计'!I:I,'平台消耗统计'!A:A,$E$2,'平台消耗统计'!C:C,A62) -> 84 | F62: =IFERROR(VLOOKUP(A62,Q$4:U$174,5,FALSE),0) -> 84 | G62: =IFERROR((E62-F62)/F62,0) -> 0 | H62: 最近变为稳定订单 | I62: 继续保持每日打满cap | Q62: 2937658 | R62: com.yandex.bank | S62: MTG | T62: RU | U62: 86.1
A63: 91545519 | B63: com.vuclip.viu | C63: MTG | D63: MY | E63: =SUMIFS('平台消耗统计'!I:I,'平台消耗统计'!A:A,$E$2,'平台消耗统计'!C:C,A63) -> 79.63 | F63: =IFERROR(VLOOKUP(A63,Q$4:U$174,5,FALSE),0) -> 85 | G63: =IFERROR((E63-F63)/F63,0) -> -0.063176471 | H63: 稳定订单，近期cap降低了些往新平台转移 | I63: 继续观察调整 | Q63: 10813123 | R63: com.amazon.mShop.android.shopping | S63: Bigo | T63: BR | U63: 61.7
A64: 11690183 | B64: com.uma.musicvk | C64: MTG | D64: RU | E64: =SUMIFS('平台消耗统计'!I:I,'平台消耗统计'!A:A,$E$2,'平台消耗统计'!C:C,A64) -> 74.22 | F64: =IFERROR(VLOOKUP(A64,Q$4:U$174,5,FALSE),0) -> 70.2 | G64: =IFERROR((E64-F64)/F64,0) -> 0.057264957 | H64: 人群包订单 每天都能有四五十个转化 | I64: 定期优化子渠道，拿更多的量 | Q64: 8566084 | R64: com.intellihealth.truemeds | S64: MTG | T64: IN | U64: 84
A65: 6951600 | B65: com.king.candycrushsodasaga | C65: MTG | D65: TH | E65: =SUMIFS('平台消耗统计'!I:I,'平台消耗统计'!A:A,$E$2,'平台消耗统计'!C:C,A65) -> 73.534 | F65: =IFERROR(VLOOKUP(A65,Q$4:U$174,5,FALSE),0) -> 93.6 | G65: =IFERROR((E65-F65)/F65,0) -> -0.21438034 | H65: 老素材疲软，开始准备新素材了 | I65: 定期优化素材，拿更多的量 | Q65: 91550293 | R65: net.peakgames.Yuzbir | S65: MTG | T65: TR | U65: 70.7
A66: 10813123 | B66: com.amazon.mShop.android.shopping | C66: Bigo | D66: BR | E66: =SUMIFS('平台消耗统计'!I:I,'平台消耗统计'!A:A,$E$2,'平台消耗统计'!C:C,A66) -> 72.6219 | F66: =IFERROR(VLOOKUP(A66,Q$4:U$174,5,FALSE),0) -> 61.7 | G66: =IFERROR((E66-F66)/F66,0) -> 0.17701621 | H66: 继续上素材 | I66: 定期优化素材，拿更多的量 | Q66: 11690183 | R66: com.uma.musicvk | S66: MTG | T66: RU | U66: 70.2
A67: 91551845 | B67: com.vitastudio.mahjong | C67: MTG | D67: BR | E67: =SUMIFS('平台消耗统计'!I:I,'平台消耗统计'!A:A,$E$2,'平台消耗统计'!C:C,A67) -> 60.2 | F67: =IFERROR(VLOOKUP(A67,Q$4:U$174,5,FALSE),0) -> 108.9 | G67: =IFERROR((E67-F67)/F67,0) -> -0.44719927 | H67: 跟上面一个是同一个产品 同一个国家 这个单号的转化少了 上面单号的就转化多了 总数应该是打满的 | I67: 继续保持 | Q67: 5963400 | R67: ru.ozon.app.android | S67: MTG | T67: UZ | U67: 64.4
A68: 13085659 | B68: ru.hoff.app | C68: MTG | D68: RU | E68: =SUMIFS('平台消耗统计'!I:I,'平台消耗统计'!A:A,$E$2,'平台消耗统计'!C:C,A68) -> 60 | F68: =IFERROR(VLOOKUP(A68,Q$4:U$174,5,FALSE),0) -> 0 | G68: =IFERROR((E68-F68)/F68,0) -> 0 | H68: 预算调整10/12 暂停 | Q68: 91548044 | R68: ru.banki.banki | S68: Bigo | T68: RU | U68: 113
A69: 6706444 | B69: ru.ozon.app.android | C69: Bigo | D69: KZ | E69: =SUMIFS('平台消耗统计'!I:I,'平台消耗统计'!A:A,$E$2,'平台消耗统计'!C:C,A69) -> 58.1991 | F69: =IFERROR(VLOOKUP(A69,Q$4:U$174,5,FALSE),0) -> 48.3 | G69: =IFERROR((E69-F69)/F69,0) -> 0.20495031 | H69: 换新素材后转化量增多，但是eCPI跑得也比较高，消耗增多 | I69: 继续换素材 | Q69: 11655595 | R69: com.esprit.rpg.lttlefirykng | S69: Mediago | T69: RU | U69: 74.9
A70: 13149387 | B70: com.yandex.bank | C70: Bigo | D70: RU | E70: =SUMIFS('平台消耗统计'!I:I,'平台消耗统计'!A:A,$E$2,'平台消耗统计'!C:C,A70) -> 57.0284 | F70: =IFERROR(VLOOKUP(A70,Q$4:U$174,5,FALSE),0) -> 0 | G70: =IFERROR((E70-F70)/F70,0) -> 0 | H70: 人群包订单，10/10 开投，10/13 因数据库被袭击暂停 | Q70: 9415350 | R70: com.notissimus.allinstruments.android | S70: Mediago | T70: RU | U70: 47.1
A71: 91550293 | B71: net.peakgames.Yuzbir | C71: MTG | D71: TR | E71: =SUMIFS('平台消耗统计'!I:I,'平台消耗统计'!A:A,$E$2,'平台消耗统计'!C:C,A71) -> 54.25 | F71: =IFERROR(VLOOKUP(A71,Q$4:U$174,5,FALSE),0) -> 70.7 | G71: =IFERROR((E71-F71)/F71,0) -> -0.23267327 | H71: 其他数据没太大变化，曝光波动往下掉 | I71: 定期上新素材更换 | Q71: 10298628 | R71: ru.mobstudio.andgalaxy | S71: Mediago | T71: RU | U71: 84.4
A72: 91567806 | B72: com.oakever.meowdoku | C72: MTG | D72: MX | E72: =SUMIFS('平台消耗统计'!I:I,'平台消耗统计'!A:A,$E$2,'平台消耗统计'!C:C,A72) -> 54 | F72: =IFERROR(VLOOKUP(A72,Q$4:U$174,5,FALSE),0) -> 60 | G72: =IFERROR((E72-F72)/F72,0) -> -0.1 | H72: 刚上的时候曝光还挺多，后续上新素材也拉不回量 | I72: 定期上新素材更换 | Q72: 91565944 | R72: com.vitastudio.mahjong | S72: MTG | T72: RU | U72: 0
A73: 5963400 | B73: ru.ozon.app.android | C73: MTG | D73: UZ | E73: =SUMIFS('平台消耗统计'!I:I,'平台消耗统计'!A:A,$E$2,'平台消耗统计'!C:C,A73) -> 53.2 | F73: =IFERROR(VLOOKUP(A73,Q$4:U$174,5,FALSE),0) -> 64.4 | G73: =IFERROR((E73-F73)/F73,0) -> -0.17391304 | H73: 转化量没打满，比Week40 转化少了些 | I73: 正常更新素材 | Q73: 5556054 | R73: com.krom.android | S73: MTG | T73: ID | U73: 46.5
A74: 12114239 | B74: com.yandex.lavka | C74: Mediago | D74: RU | E74: =SUMIFS('平台消耗统计'!I:I,'平台消耗统计'!A:A,$E$2,'平台消耗统计'!C:C,A74) -> 52.49 | F74: =IFERROR(VLOOKUP(A74,Q$4:U$174,5,FALSE),0) -> 46.6 | G74: =IFERROR((E74-F74)/F74,0) -> 0.12639485 | H74: 受数据库袭击影响10/12 暂停 | Q74: 11924259 | R74: blibli.mobile.commerce | S74: MTG | T74: ID | U74: 14.3
A75: 5365722 | B75: sports.caliente.mx.calientedeportes | C75: Bigo | D75: MX | E75: =SUMIFS('平台消耗统计'!I:I,'平台消耗统计'!A:A,$E$2,'平台消耗统计'!C:C,A75) -> 51.9797 | F75: =IFERROR(VLOOKUP(A75,Q$4:U$174,5,FALSE),0) -> 46.2 | G75: =IFERROR((E75-F75)/F75,0) -> 0.12510173 | H75: 总转化量比Week40增多，目前eCPI跑的还可以，可以稳住 | I75: 正常更新素材 | Q75: 91399437 | R75: com.transferwise.android | S75: MTG | T75: PH | U75: 52.5
A76: 91565949 | B76: com.vitastudio.mahjong | C76: MTG | D76: PH | E76: =SUMIFS('平台消耗统计'!I:I,'平台消耗统计'!A:A,$E$2,'平台消耗统计'!C:C,A76) -> 51 | F76: =IFERROR(VLOOKUP(A76,Q$4:U$174,5,FALSE),0) -> 51.9 | G76: =IFERROR((E76-F76)/F76,0) -> -0.01734104 | H76: 比较稳定 每天50个转化 只有两天差几个 | I76: 继续保持打满 | Q76: 91565949 | R76: com.vitastudio.mahjong | S76: MTG | T76: PH | U76: 51.9
A77: 11729830 | B77: com.amazon.mShop.android.shopping | C77: Bigo | D77: BR | E77: =SUMIFS('平台消耗统计'!I:I,'平台消耗统计'!A:A,$E$2,'平台消耗统计'!C:C,A77) -> 50.0029 | F77: =IFERROR(VLOOKUP(A77,Q$4:U$174,5,FALSE),0) -> 0 | G77: =IFERROR((E77-F77)/F77,0) -> 0 | H77: 圣保罗单城市订单，目前基本打满 | I77: 继续保持打满 | Q77: 5623760 | R77: com.appteka.lapy | S77: MTG | T77: RU | U77: 52.5
A78: 12809532 | B78: astrum.ent.m2alyona | C78: TaurusX | D78: RU | E78: =SUMIFS('平台消耗统计'!I:I,'平台消耗统计'!A:A,$E$2,'平台消耗统计'!C:C,A78) -> 48.28 | F78: =IFERROR(VLOOKUP(A78,Q$4:U$174,5,FALSE),0) -> 0 | G78: =IFERROR((E78-F78)/F78,0) -> 0 | H78: 10.8新平台订单 前期出价可能有点高了 一天跑了30刀 最近这几天压下来了但是还没转化 | I78: 再稍微提点价 打开渠道 | Q78: 12114239 | R78: com.yandex.lavka | S78: Mediago | T78: RU | U78: 46.6
A79: 91496146 | B79: com.vitastudio.mahjong | C79: MTG | D79: MY | E79: =SUMIFS('平台消耗统计'!I:I,'平台消耗统计'!A:A,$E$2,'平台消耗统计'!C:C,A79) -> 47.18 | F79: =IFERROR(VLOOKUP(A79,Q$4:U$174,5,FALSE),0) -> 48.2 | G79: =IFERROR((E79-F79)/F79,0) -> -0.021161826 | H79: 比较稳定 每天50个左右转化 | I79: 持续保持 | Q79: 12039225 | R79: com.bossgame.domino | S79: MTG | T79: ID | U79: 7.6
A80: 5623760 | B80: com.appteka.lapy | C80: MTG | D80: RU | E80: =SUMIFS('平台消耗统计'!I:I,'平台消耗统计'!A:A,$E$2,'平台消耗统计'!C:C,A80) -> 45 | F80: =IFERROR(VLOOKUP(A80,Q$4:U$174,5,FALSE),0) -> 52.5 | G80: =IFERROR((E80-F80)/F80,0) -> -0.14285714 | H80: 受数据库袭击影响10/12 暂停 | Q80: 91496147 | R80: com.vitastudio.mahjong | S80: MTG | T80: BR | U80: 54.7
A81: 9298539 | B81: com.gloriajeans.mobile | C81: MTG | D81: RU | E81: =SUMIFS('平台消耗统计'!I:I,'平台消耗统计'!A:A,$E$2,'平台消耗统计'!C:C,A81) -> 45 | F81: =IFERROR(VLOOKUP(A81,Q$4:U$174,5,FALSE),0) -> 273 | G81: =IFERROR((E81-F81)/F81,0) -> -0.83516484 | H81: 预算调整 10/8 暂停 | I81: / | Q81: 91496146 | R81: com.vitastudio.mahjong | S81: MTG | T81: MY | U81: 48.2
A82: 12811904 | B82: com.nagwa.classes | C82: TaurusX | D82: EG | E82: =SUMIFS('平台消耗统计'!I:I,'平台消耗统计'!A:A,$E$2,'平台消耗统计'!C:C,A82) -> 44.98 | F82: =IFERROR(VLOOKUP(A82,Q$4:U$174,5,FALSE),0) -> 0 | G82: =IFERROR((E82-F82)/F82,0) -> 0 | H82: 9/29开投 | I82: / | Q82: 6706444 | R82: ru.ozon.app.android | S82: Bigo | T82: KZ | U82: 48.3
A83: 5556054 | B83: com.krom.android | C83: MTG | D83: ID | E83: =SUMIFS('平台消耗统计'!I:I,'平台消耗统计'!A:A,$E$2,'平台消耗统计'!C:C,A83) -> 43.427 | F83: =IFERROR(VLOOKUP(A83,Q$4:U$174,5,FALSE),0) -> 46.5 | G83: =IFERROR((E83-F83)/F83,0) -> -0.066086022 | H83: 目前cpe的订单跑的成本很高到2.2了 每天都能出几个 | I83: 上新素材后再压价 | Q83: 91467821 | R83: com.vitastudio.mahjong | S83: MTG | T83: TH | U83: 0
A84: 12808718 | B84: ru.aliexpress.buyer | C84: TaurusX | D84: RU | E84: =SUMIFS('平台消耗统计'!I:I,'平台消耗统计'!A:A,$E$2,'平台消耗统计'!C:C,A84) -> 43.38 | F84: =IFERROR(VLOOKUP(A84,Q$4:U$174,5,FALSE),0) -> 0 | G84: =IFERROR((E84-F84)/F84,0) -> 0 | H84: 新平台订单目前还在冷启动阶段 | Q84: 12072287 | R84: com.yandex.bank | S84: MTG | T84: RU | U84: 445.5
A85: 9333145 | B85: com.gloriajeans.mobile | C85: Mediago | D85: RU | E85: =SUMIFS('平台消耗统计'!I:I,'平台消耗统计'!A:A,$E$2,'平台消耗统计'!C:C,A85) -> 40.51 | F85: =IFERROR(VLOOKUP(A85,Q$4:U$174,5,FALSE),0) -> 58.6 | G85: =IFERROR((E85-F85)/F85,0) -> -0.30870307 | H85: 预算调整 10/8 暂停 | I85: / | Q85: 5365722 | R85: sports.caliente.mx.calientedeportes | S85: Bigo | T85: MX | U85: 46.2
A86: 12895313 | B86: com.kwai.bulldog | C86: TaurusX | D86: ID | E86: =SUMIFS('平台消耗统计'!I:I,'平台消耗统计'!A:A,$E$2,'平台消耗统计'!C:C,A86) -> 37.37 | F86: =IFERROR(VLOOKUP(A86,Q$4:U$174,5,FALSE),0) -> 0 | G86: =IFERROR((E86-F86)/F86,0) -> 0 | H86: 10.8新平台订单 前期出价0.001可能有点高了 一天跑了30刀 目前出价0.0001最近这几天压下来了，每天曝光点击都不少但是就不转化 | I86: 放开渠道 持续观察 | Q86: 91532857 | R86: com.reefgames.fabletown | S86: Bigo | T86: RU | U86: 85.9
A87: 10842514 | B87: com.kubi.kucoin | C87: Mediago | D87: RU | E87: =SUMIFS('平台消耗统计'!I:I,'平台消耗统计'!A:A,$E$2,'平台消耗统计'!C:C,A87) -> 33.13 | F87: =IFERROR(VLOOKUP(A87,Q$4:U$174,5,FALSE),0) -> 50 | G87: =IFERROR((E87-F87)/F87,0) -> -0.3374 | H87: 10.8暂停 | Q87: 91566789 | R87: com.salaryse.android | S87: MTG | T87: IN | U87: 12
A88: 91532857 | B88: com.reefgames.fabletown | C88: Bigo | D88: RU | E88: =SUMIFS('平台消耗统计'!I:I,'平台消耗统计'!A:A,$E$2,'平台消耗统计'!C:C,A88) -> 32.1307 | F88: =IFERROR(VLOOKUP(A88,Q$4:U$174,5,FALSE),0) -> 85.9 | G88: =IFERROR((E88-F88)/F88,0) -> -0.62595227 | H88: 10/2，降价到0.12 | I88: / | Q88: 10080665 | R88: ru.ozon.app.android | S88: MTG | T88: AM | U88: 20.9
A89: 12829886 | B89: ru.ozon.app.android | C89: TaurusX | D89: KZ | E89: =SUMIFS('平台消耗统计'!I:I,'平台消耗统计'!A:A,$E$2,'平台消耗统计'!C:C,A89) -> 31.26 | F89: =IFERROR(VLOOKUP(A89,Q$4:U$174,5,FALSE),0) -> 0 | G89: =IFERROR((E89-F89)/F89,0) -> 0 | H89: TaurusX订单，目前一共产生了5个转化，eCPI很高 | I89: 继续学习怎么优化 | Q89: 91496145 | R89: com.vitastudio.mahjong | S89: MTG | T89: PH | U89: 30.2
A90: 10080665 | B90: ru.ozon.app.android | C90: MTG | D90: AM | E90: =SUMIFS('平台消耗统计'!I:I,'平台消耗统计'!A:A,$E$2,'平台消耗统计'!C:C,A90) -> 30.78 | F90: =IFERROR(VLOOKUP(A90,Q$4:U$174,5,FALSE),0) -> 20.9 | G90: =IFERROR((E90-F90)/F90,0) -> 0.47272727 | H90: Week41 CVR略有提升，转化量增多 | I90: 趋势很好，继续更新素材 | Q90: 91565942 | R90: com.king.candycrushsaga | S90: MTG | T90: ID | U90: 9.9
A91: 10815258 | B91: com.kubi.kucoin | C91: MTG | D91: RU | E91: =SUMIFS('平台消耗统计'!I:I,'平台消耗统计'!A:A,$E$2,'平台消耗统计'!C:C,A91) -> 29.73 | F91: =IFERROR(VLOOKUP(A91,Q$4:U$174,5,FALSE),0) -> 3.2 | G91: =IFERROR((E91-F91)/F91,0) -> 8.290625 | H91: 最近起量了然后事件不行关了之后上了人群包重新开跑。昨天新开 | I91: 拉量先把子渠道弄起来 | Q91: 11324493 | R91: com.king.candycrushsaga | S91: MTG | T91: TH | U91: 22.6
A92: 91565942 | B92: com.king.candycrushsaga | C92: MTG | D92: ID | E92: =SUMIFS('平台消耗统计'!I:I,'平台消耗统计'!A:A,$E$2,'平台消耗统计'!C:C,A92) -> 29.571 | F92: =IFERROR(VLOOKUP(A92,Q$4:U$174,5,FALSE),0) -> 9.9 | G92: =IFERROR((E92-F92)/F92,0) -> 1.9869697 | H92: 量微微的逐步起来了，优化了一下素材。目前每天还没有打满 | I92: 争取每天打满，优化素材和子渠道 | Q92: 91565945 | R92: com.vitastudio.mahjong | S92: MTG | T92: ID | U92: 52.1
A93: 11655595 | B93: com.esprit.rpg.lttlefirykng | C93: Mediago | D93: RU | E93: =SUMIFS('平台消耗统计'!I:I,'平台消耗统计'!A:A,$E$2,'平台消耗统计'!C:C,A93) -> 26.92 | F93: =IFERROR(VLOOKUP(A93,Q$4:U$174,5,FALSE),0) -> 74.9 | G93: =IFERROR((E93-F93)/F93,0) -> -0.64058745 | H93: 成本跑的很离谱，目前已经控制下来了。没量，提了价格和换了素材没啥流量增加的变化 | Q93: 91565948 | R93: com.reefgames.fabletown | S93: Bigo | T93: RU | U93: 16.8
A94: 8670368 | B94: com.king.candycrushsodasaga | C94: Kwai | D94: BR | E94: =SUMIFS('平台消耗统计'!I:I,'平台消耗统计'!A:A,$E$2,'平台消耗统计'!C:C,A94) -> 25.66 | F94: =IFERROR(VLOOKUP(A94,Q$4:U$174,5,FALSE),0) -> 18.7 | G94: =IFERROR((E94-F94)/F94,0) -> 0.37219251 | H94: 放着没动，上涨稳定 | I94: 继续观察 | Q94: 9298539 | R94: com.gloriajeans.mobile | S94: MTG | T94: RU | U94: 273
A95: 6724852 | B95: com.amazon.mShop.android.shopping | C95: Mediago | D95: TR | E95: =SUMIFS('平台消耗统计'!I:I,'平台消耗统计'!A:A,$E$2,'平台消耗统计'!C:C,A95) -> 24.01 | F95: =IFERROR(VLOOKUP(A95,Q$4:U$174,5,FALSE),0) -> 0 | G95: =IFERROR((E95-F95)/F95,0) -> 0 | H95: 10/10开投 | I95: / | Q95: 8998645 | R95: com.king.candycrushsaga | S95: MTG | T95: TH | U95: 232.9
A96: 91496145 | B96: com.vitastudio.mahjong | C96: MTG | D96: PH | E96: =SUMIFS('平台消耗统计'!I:I,'平台消耗统计'!A:A,$E$2,'平台消耗统计'!C:C,A96) -> 22.95 | F96: =IFERROR(VLOOKUP(A96,Q$4:U$174,5,FALSE),0) -> 30.2 | G96: =IFERROR((E96-F96)/F96,0) -> -0.24006623 | H96: 跟这个91565949同一个产品国家 都是每天下午打满后就不转化了 | I96: 持续观察 | Q96: 8312006 | R96: ru.uteka.app | S96: MTG | T96: RU | U96: 0
A97: 91399437 | B97: com.transferwise.android | C97: MTG | D97: PH | E97: =SUMIFS('平台消耗统计'!I:I,'平台消耗统计'!A:A,$E$2,'平台消耗统计'!C:C,A97) -> 22.5 | F97: =IFERROR(VLOOKUP(A97,Q$4:U$174,5,FALSE),0) -> 52.5 | G97: =IFERROR((E97-F97)/F97,0) -> -0.57142857 | H97: 10.8暂停 | Q97: 8670368 | R97: com.king.candycrushsodasaga | S97: Kwai | T97: BR | U97: 18.7
A98: 12373981 | B98: com.reels.cash.video.app | C98: MTG | D98: ID | E98: =SUMIFS('平台消耗统计'!I:I,'平台消耗统计'!A:A,$E$2,'平台消耗统计'!C:C,A98) -> 22.24 | F98: =IFERROR(VLOOKUP(A98,Q$4:U$174,5,FALSE),0) -> 40.5 | G98: =IFERROR((E98-F98)/F98,0) -> -0.4508642 | H98: 10/11暂停 | I98: / | Q98: 12306671 | R98: com.nagwa.classes | S98: Eagllwin | T98: EG | U98: 15.4
A99: 6061077 | B99: ru.aliexpress.buyer | C99: MTG | D99: RU | E99: =SUMIFS('平台消耗统计'!I:I,'平台消耗统计'!A:A,$E$2,'平台消耗统计'!C:C,A99) -> 20.577 | F99: =IFERROR(VLOOKUP(A99,Q$4:U$174,5,FALSE),0) -> 7.5 | G99: =IFERROR((E99-F99)/F99,0) -> 1.7436 | H99: CPE订单，又新建了一个计划微微起量了 | Q99: 5619156 | R99: com.amazon.mShop.android.shopping | S99: Bigo | T99: SA | U99: 58.3
A100: 5847496 | B100: com.amazon.mShop.android.shopping | C100: Bigo | D100: AE | E100: =SUMIFS('平台消耗统计'!I:I,'平台消耗统计'!A:A,$E$2,'平台消耗统计'!C:C,A100) -> 19.2643 | F100: =IFERROR(VLOOKUP(A100,Q$4:U$174,5,FALSE),0) -> 28.3 | G100: =IFERROR((E100-F100)/F100,0) -> -0.31928269 | H100: 素材更新速度不够，加快素材的更新 | I100: 加快素材的更新 | Q100: 91565946 | R100: com.vitastudio.mahjong | S100: MTG | T100: TH | U100: 0
...
